Workbook
Name OLE_LINK1: '19 п.з-л договора тех. присоед.'!$A$1214
Name org: [1]Титульный!$G$18
Name TABLE: '19 п.в приложение 2'!#REF!
Name TABLE: '19 п.в приложение 3'!#REF!
Name TABLE: '19 п.в приложение 4'!#REF!
Name TABLE: '19 п.в приложение 5'!#REF!
Name TABLE_2: '19 п.в приложение 2'!#REF!
Name TABLE_2: '19 п.в приложение 3'!#REF!
Name TABLE_2: '19 п.в приложение 4'!#REF!
Name TABLE_2: '19 п.в приложение 5'!#REF!

Sheet 19 п.а,б Тарифы 
A1: Информация субъекта оптового и розничного
A2: рынков электрической энергии
A3: Акционерное общество «Синарский трубный завод»
A4: за 2020 года
A6: 11. п.а Информация о ценах и тарифах на передачу электроэнергии и технологическое присоединение к сетям электроснабжения АО "СинТЗ"
A7: Тариф на технологическое присоединение к сетям электроснабжения АО "СинТЗ", г.Каменск-Уральский на 2020 год
A8: На 2020 год АО "СинТЗ" тарифы на технологическое присоединение к сетям электроснабжения не устанавливаются.
A9: Постановление РЭК Свердловской области от 28.10.2019г. № 127-ПК размещено на интернет-портале правовой информации Свердловской области (www.pravo.gov66.ru)
A11: Тариф на услуги по передаче электроэнергии , оказываемые АО "СинТЗ", г. Каменск-Уральский на 2020 год
A12: На 2020 год АО "СинТЗ" тарифы на услуги по передче электроэнергии не устанавливаются.
A13: Постановление РЭК Свердловской области от 28.10.2019г. № 127-ПК размещено на интернет-портале правовой информации Свердловской области (www.pravo.gov66.ru)
A14: Тариф на услуги по передаче электроэнергии , оказываемые АО"СинТЗ", г. Каменск-Уральский на 2021 год
... A22: Постановление РЭК Свердловской области от 23.12.2020г. № 251-ПК размещено на интернет-портале правовой информации Свердловской области (www.pravo.gov66.ru)

Sheet 19 п.в
A1: 19 п. в Расходы на строительство введенных в эксплуатацию объектов электросетевого хозяйства для целей технологического присоединения и реализации иных мероприятий инвестиционной программы, на подготовку и выдачу сетевой организацией технических условий и их согласование с системным оператором (субъектом оперативно-диспетчерского управления в технологически изолированных территориальных электроэнергетических системах), на проверку сетевой организацией выполнения заявителем технических условий в соответствии с разделом IX Правил технологического присоединения энергопринимающих устройств потребителей электрической энергии, объектов по производству электрической энергии, а также объектов электросетевого хозяйства, принадлежащих сетевым организациям и иным лицам, к электрическим сетям, утвержденных постановлением Правительства Российской Федерации от 27 декабря 2004 г. N 861 "Об утверждении Правил недискриминационного доступа к услугам по передаче электрической энергии и оказания этих услуг, Правил недискриминационного доступа к услугам по оперативно-диспетчерскому управлению в электроэнергетике и оказания этих услуг, Правил недискриминационного доступа к услугам администратора торговой системы оптового рынка и оказания этих услуг и Правил технологического присоединения энергопринимающих устройств потребителей электрической энергии, объектов по производству электрической энергии, а также объектов электросетевого хозяйства, принадлежащих сетевым организациям и иным лицам, к электрическим сетям" (далее - Правила технологического присоединения) - отсутствуют в связи с отсутствием заявок на технологическое присоединение в 2020 году (Приложения 2,3,4,5)

Sheet 19 п.в приложение 2
BQ1: Приложение № 2
BQ2: к стандартам раскрытия информации субъектами оптового и розничных рынков электрической энергии
BQ4: (в ред. Постановления Правительства РФ от 30.01.2019 № 64)
DA6: (форма)
A8: И Н Ф О Р М А Ц И Я
A10: о фактических средних данных о присоединенных объемах максимальной мощности за 3 предыдущих года по каждому мероприятию
BJ12: Фактические расходы на строительство подстанций за 3 предыдущих года (тыс. рублей) | CF12: Объем мощности, введенной в основные фонды за 3 предыдущих года (кВт)
A13: 1. | F13: Строительство пунктов секционирования (распределенных пунктов) | BJ13: - | CF13: -
A14: 2. | F14: Строительство комплектных трансформаторных подстанций и распределительных трансформаторных подстанций с уровнем напряжения до 35 кВ | BJ14: - | CF14: -
A15: 3. | F15: Строительство центров питания и подстанций уровнем напряжения 35 кВ и выше | BJ15: - | CF15: -

Sheet 19 п.в приложение 3
BQ1: Приложение № 3
BQ2: к стандартам раскрытия информации субъектами оптового и розничных рынков электрической энергии
BQ4: (в ред. Постановления Правительства РФ от 30.01.2019 № 64)
DA6: (форма)
A8: И Н Ф О Р М А Ц И Я
A10: о фактических средних данных о длине линий электропередачи и об объемах максимальной мощности построенных объектов за 3 предыдущих года по каждому мероприятию
AN12: Расходы на строительство воздушных и кабельных линий электропередачи на i-м уровне напряжения, фактически построенных за последние 3 года (тыс. рублей) | BJ12: Длина воздушных и кабельных линий электропередачи на i-м уровне напряжения, фактически построенных за последние 3 года (км) | CF12: Объем максимальной мощности, присоединенной путем строительства воздушных или кабельных линий за последние 3 года (кВт)
A13: 1. | F13: Строительство кабельных линий электропередачи: | AN13: - | BJ13: - | CF13: -
F14: 0,4 кВ | AN14: - | BJ14: - | CF14: -
F15: 1 - 20 кВ | AN15: - | BJ15: - | CF15: -
F16: 35 кВ | AN16: - | BJ16: - | CF16: -
A17: 2. | F17: Строительство воздушных линий электропередачи: | AN17: - | BJ17: - | CF17: -
F18: 0,4 кВ | AN18: - | BJ18: - | CF18: -
F19: 1 - 20 кВ | AN19: - | BJ19: - | CF19: -
F20: 35 кВ | AN20: - | BJ20: - | CF20: -

Sheet 19 п.в приложение 4
BQ1: Приложение № 4
BQ2: к стандартам раскрытия информации субъектами оптового и розничных рынков электрической энергии
BQ4: (в ред. Постановления Правительства РФ от 30.01.2019 № 64)
DA6: (форма)
A8: И Н Ф О Р М А Ц И Я
A10: об осуществлении технологического присоединения по договорам, заключенным за текущий год
A12: Категория заявителей | AH12: Количество договоров (штук) | BF12: Максимальная мощность (кВт) | CD12: Стоимость договоров (без НДС) (тыс. рублей)
AH13: 0,4 кВ | AP13: 1 - 20 кВ | AX13: 35 кВ и выше | BF13: 0,4 кВ | BN13: 1 - 20 кВ | BV13: 35 кВ и выше | CD13: 0,4 кВ | CL13: 1 - 20 кВ | CT13: 35 кВ и выше
A14: 1. | F14: До 15 кВт - всего | AH14: - | AP14: - | AX14: - | BF14: - | BN14: - | BV14: - | CD14: - | CL14: - | CT14: -
F15: в том числе льготная категория * | AH15: - | AP15: - | AX15: - | BF15: - | BN15: - | BV15: - | CD15: - | CL15: - | CT15: -
A16: 2. | F16: От 15 до 150 кВт - всего | AH16: - | AP16: - | AX16: - | BF16: - | BN16: - | BV16: - | CD16: - | CL16: - | CT16: -
F17: в том числе льготная категория ** | AH17: - | AP17: - | AX17: - | BF17: - | BN17: - | BV17: - | CD17: - | CL17: - | CT17: -
A18: 3. | F18: От 150 кВт до 670 кВт - всего | AH18: - | AP18: - | AX18: - | BF18: - | BN18: - | BV18: - | CD18: - | CL18: - | CT18: -
F19: в том числе по индивидуальному проекту | AH19: - | AP19: - | AX19: - | BF19: - | BN19: - | BV19: - | CD19: - | CL19: - | CT19: -
A20: 4. | F20: От 670 кВт до 8900 кВт - всего | AH20: - | AP20: - | AX20: - | BF20: - | BN20: - | BV20: - | CD20: - | CL20: - | CT20: -
F21: в том числе по индивидуальному проекту | AH21: - | AP21: - | AX21: - | BF21: - | BN21: - | BV21: - | CD21: - | CL21: - | CT21: -
A22: 5. | F22: От 8900 кВт - всего | AH22: - | AP22: - | AX22: - | BF22: - | BN22: - | BV22: - | CD22: - | CL22: - | CT22: -
F23: в том числе по индивидуальному проекту | AH23: - | AP23: - | AX23: - | BF23: - | BN23: - | BV23: - | CD23: - | CL23: - | CT23: -
A24: 6. | F24: Объекты генерации | AH24: - | AP24: - | AX24: - | BF24: - | BN24: - | BV24: - | CD24: - | CL24: - | CT24: -
A26: _____*_Заявители, оплачивающие технологическое присоединение своих энергопринимающих устройств в размере не более 550 рублей.
A27: _____**_Заявители - юридические лица или индивидуальные предприниматели, заключившие договор об осуществлении технологического присоединения по одному источнику электроснабжения энергопринимающих устройств максимальной мощностью свыше 15 и до 150 кВт включительно (с учетом ранее присоединенных энергопринимающих устройств), у которых в договоре предусматривается беспроцентная рассрочка платежа за технологическое присоединение в размере 95 процентов платы за технологическое присоединение с условием ежеквартального внесения платы равными долями от общей суммы рассрочки до 3 лет со дня подписания сторонами акта об осуществлении технологического присоединения.

Sheet 19 п.в приложение 5
BQ1: Приложение № 5
BQ2: к стандартам раскрытия информации субъектами оптового и розничных рынков электрической энергии
BQ4: (в ред. Постановления Правительства РФ от 30.01.2019 № 64)
DA6: (форма)
A8: И Н Ф О Р М А Ц И Я
A10: о поданных заявках на технологическое присоединение за текущий год
A12: Категория заявителей | AH12: Количество заявок (штук) | BR12: Максимальная мощность (кВт)
AH13: 0,4 кВ | AT13: 1 - 20 кВ | BF13: 35 кВ и выше | BR13: 0,4 кВ | CD13: 1 - 20 кВ | CP13: 35 кВ и выше
A14: 1. | F14: До 15 кВт - всего | AH14: - | AT14: - | BF14: - | BR14: - | CD14: - | CP14: -
F15: в том числе льготная категория * | AH15: - | AT15: - | BF15: - | BR15: - | CD15: - | CP15: -
A16: 2. | F16: От 15 до 150 кВт - всего | AH16: - | AT16: - | BF16: - | BR16: - | CD16: - | CP16: -
F17: в том числе льготная категория ** | AH17: - | AT17: - | BF17: - | BR17: - | CD17: - | CP17: -
A18: 3. | F18: От 150 кВт до 670 кВт - всего | AH18: - | AT18: - | BF18: - | BR18: - | CD18: - | CP18: -
F19: в том числе по индивидуальному проекту | AH19: - | AT19: - | BF19: - | BR19: - | CD19: - | CP19: -
A20: 4. | F20: От 670 кВт до 8900 кВт - всего | AH20: - | AT20: - | BF20: - | BR20: - | CD20: - | CP20: -
F21: в том числе по индивидуальному проекту | AH21: - | AT21: - | BF21: - | BR21: - | CD21: - | CP21: -
A22: 5. | F22: От 8900 кВт - всего | AH22: - | AT22: - | BF22: - | BR22: - | CD22: - | CP22: -
F23: в том числе по индивидуальному проекту | AH23: - | AT23: - | BF23: - | BR23: - | CD23: - | CP23: -
A24: 6. | F24: Объекты генерации | AH24: - | AT24: - | BF24: - | BR24: - | CD24: - | CP24: -
A26: _____*_Заявители, оплачивающие технологическое присоединение своих энергопринимающих устройств в размере не более 550 рублей.
A27: _____**_Заявители - юридические лица или индивидуальные предприниматели, заключившие договор об осуществлении технологического присоединения по одному источнику электроснабжения энергопринимающих устройств максимальной мощностью свыше 15 и до 150 кВт включительно (с учетом ранее присоединенных энергопринимающих устройств), у которых в договоре предусматривается беспроцентная рассрочка платежа за технологическое присоединение в размере 95 процентов платы за технологическое присоединение с условием ежеквартального внесения платы равными долями от общей суммы рассрочки до 3 лет со дня подписания сторонами акта об осуществлении технологического присоединения.

Sheet 19 п.г абз. 2-3 Баланс
B2: Сведения об отпуске (передаче) электроэнергии распределительными сетевыми организациями отдельным категориям потребителей
I3: Коды по ОКЕИ: 1000 киловатт-часов – 246, мегаватт – 215, тысяча рублей – 384
B4: № п/п | C4: Наименование показателя | D4: Код строки | E4: Всего | F4: В том числе по уровню напряжения
F5: ВН | G5: СН1 | H5: СН2 | I5: НН
B6: 0 | C6: 1 | D6: 2 | E6: 3 | F6: 4 | G6: 5 | H6: 6 | I6: 7
B7: I. Электроэнергия (тыс. кВт ч)
B8: 1 | C8: Поступление в сеть из других организаций: | D8: 10 | E8: =SUM(F8:I8) -> 339933.97 | F8: =F9+F10+F14+F17 -> 211079.84 | G8: =G9+G10+G14+G17 -> 0 | H8: =H9+H10+H14+H17 -> 128824.18 | I8: =I9+I10+I14+I17 -> 29.947
B9: 1.1 | C9: из сетей ПАО "ФСК ЕЭС" | D9: 20 | E9: =SUM(F9:I9) -> 0
B10: 1.2 | C10: от генерирующих компаний и блок-станций: | D10: 30 | E10: =SUM(F10:I10) -> 118848.98 | F10: =SUM(F11:F13) -> 0 | G10: =SUM(G11:G13) -> 0 | H10: =SUM(H11:H13) -> 118848.98 | I10: =SUM(I11:I13) -> 0 | K10: Затраты на покупку потерь в собственных сетях АО "СинТЗ" в 2020г.
B11: 1.2.0 | D11: 30
A12: О | B12: 1.2.1 | C12: Акционерное общество "Синарская ТЭЦ" | D12: 31 | E12: =SUM(F12:I12) -> 118848.98 | H12: 118848.98
C13: Добавить организацию | K13: Покупка потерь эл.энергии на оптовом рынке осуществляется для АО "СинТЗ" как субъекта оптового рынка.
B14: 1.3 | C14: от несетевых организаций: | D14: 230 | E14: =SUM(F14:I14) -> 0 | F14: =SUM(F15:F16) -> 0 | G14: =SUM(G15:G16) -> 0 | H14: =SUM(H15:H16) -> 0 | I14: =SUM(I15:I16) -> 0
B15: 1.3.0 | D15: 230 | K15: Год | L15: Потери в собственных сетях, тыс. кВт*ч | M15: Стоимость, руб без НДС
C16: Добавить организацию | K16: 2020 | L16: 2839.97 | M16: =L16*3479.546 -> 9881806.3
B17: 1.4 | C17: от смежных сетевых организаций: | D17: 430 | E17: =SUM(F17:I17) -> 221084.99 | F17: =SUM(F18:F21) -> 211079.84 | G17: =SUM(G18:G21) -> 0 | H17: =SUM(H18:H21) -> 9975.203 | I17: =SUM(I18:I21) -> 29.947
B18: 1.4.0 | D18: 430 | K18: Стандарт раскрытие информации
A19: О | B19: 1.4.1 | C19: Открытое акционерное общество "Межрегиональная распределительная сетевая компания Урала", г.Екатеринбург | D19: 431 | E19: =SUM(F19:I19) -> 217854.64 | F19: 207849.49 | H19: =H28 -> 9975.203 | I19: 29.947 | K19: 19 п. г абз. 2 потери электроэнергии в сетях АО "СинТЗ" в абсолютном и относительном выражении по уровням напряжения, используемым для целей ценообразования отсутствуют. Транзитным потребителям потери эл.энергии не предъявляются по договору №21ПЭ.
A20: О | B20: 1.4.2 | C20: Акционерное общество "Региональная сетевая компания", г.Екатеринбург | D20: 432 | E20: =SUM(F20:I20) -> 3230.348 | F20: 3230.348 | K20: 19 п. г абз. 3 перечень мероприятий по снижению размеров потерь в сетях АО "СинТЗ" отсутствует так как фактические потери не превышают нормативные потери.
C21: Добавить организацию | K21: 19 п. г абз. 3 уровень нормативных потерь электроэнергии АО "СинТЗ" на 2020 год 0,0 млн.кВтч утверждено приказом ФАС от 31 октября 2019 № 1452/19-ДСП
B22: 2 | C22: Поступление в сеть из других уровней напряжения (трансформация) | D22: 630 | E22: =SUM(F22:I22) -> 0 | F22: =F24+F25+F26 -> 0 | G22: =G23+G25+G26 -> 0 | H22: =H23+H24+H26 -> 0 | I22: =I23+I24+I25 -> 0 | K22: 19 п. г абз. 3 потери электроэнергии потребителям АО "СинТЗ" не предъявляет т.к. приборы учета электроэнергии установлены на границах балансовых принадлежности.
B23: 2.1 | C23: ВН | D23: 640 | E23: =SUM(F23:I23) -> 0 | K23: 19 п.г абз.3 договор компенсации потерь отсутствует т.к. АО "СинТЗ" является субъектом оптового рынка
B24: 2.2 | C24: СН1 | D24: 650 | E24: =SUM(F24:I24) -> 0
B25: 2.3 | C25: СН2 | D25: 660 | E25: =SUM(F25:I25) -> 0
B26: 2.4 | C26: НН | D26: 670 | E26: =SUM(F26:I26) -> 0
B27: 3 | C27: Генерация на установках организации (совмещение деятельности) | D27: 680 | E27: =SUM(F27:I27) -> 0
B28: 4 | C28: Отпуск из сети: | D28: 690 | E28: =SUM(F28:I28) -> 19103.405 | F28: =F29+F31+F34+F39 -> 9098.255 | G28: =G29+G31+G34+G39 -> 0 | H28: =H29+H31+H34+H39 -> 9975.203 | I28: =I29+I31+I34+I39 -> 29.947
B29: 4.1 | C29: прямым прочим потребителям по договорам оказания услуг по передаче электрической энергии, в том числе: | D29: 700 | E29: =SUM(F29:I29) -> 0
B30: 4.1.1 | C30: потребителям, опосредованно подключенным к шинам генераторов | D30: 710 | E30: =SUM(F30:I30) -> 0
B31: 4.2 | C31: потребителям ГП, ЭСО, ЭСК, в том числе: | D31: 720 | E31: =SUM(F31:I31) -> 5894.68 | H31: 5864.733 | I31: =I19 -> 29.947
B32: 4.2.1 | C32: прочим потребителям, в том числе: | D32: 730 | E32: =SUM(F32:I32) -> 5894.68 | H32: =H31 -> 5864.733 | I32: =I31 -> 29.947
B33: 4.2.1.1 | C33: потребителям, опосредованно подключенным к шинам генераторов | D33: 740 | E33: =SUM(F33:I33) -> 0
B34: 4.3 | C34: смежным сетевым организациям: | D34: 750 | E34: =SUM(F34:I34) -> 13208.725 | F34: =SUM(F35:F38) -> 9098.255 | G34: =SUM(G35:G38) -> 0 | H34: =SUM(H35:H38) -> 4110.47 | I34: =SUM(I35:I38) -> 0
B35: 4.3.0 | D35: 750
A36: О | B36: 4.3.1 | C36: Акционерное общество "Региональная сетевая компания", г.Екатеринбург | D36: 751 | E36: =SUM(F36:I36) -> 10594.321 | F36: 7061.752 | H36: 3532.569
A37: О | B37: 4.3.2 | C37: АО "Оборонэнерго" | D37: 752 | E37: =SUM(F37:I37) -> 2614.404 | F37: 2036.503 | H37: 577.901
C38: Добавить организацию
B39: 4.4 | C39: населению и приравненным к нему категориям | D39: 950 | E39: =SUM(F39:I39) -> 0
B40: 5 | C40: Отпуск в сеть других уровней напряжения | D40: 960 | E40: =SUM(F40:I40) -> 0
B41: 6 | C41: Хозяйственные нужды организации | D41: 970 | E41: =SUM(F41:I41) -> 36514.08 | F41: 36514.08
B42: 7 | C42: Собственное потребление (совмещение деятельности) | D42: 980 | E42: =SUM(F42:I42) -> 281476.52 | F42: =F17-F28-F41-F43 -> 162627.54 | H42: =H12 -> 118848.98
B43: 8 | C43: Общий объем потерь (фактические объемы), в том числе: | D43: 990 | E43: =SUM(F43:I43) -> 2839.97 | F43: 2839.97
B44: 8.1 | C44: относимые на собственное потребление (фактическое значение) | D44: 1000 | E44: =SUM(F44:I44) -> 2839.97 | F44: =F43 -> 2839.97
B45: 9 | C45: Нормативные потери (объемы потерь учтенные в сводном прогнозном балансе) | D45: 1010 | E45: =SUM(F45:I45) -> 0 | F45: 0
B46: 10 | C46: Объем превышения фактических объемов потерь электрической энергии над объемами потерь, учтенными в сводном прогнозном балансе за соответствующий расчетный период | D46: 1020 | E46: =SUM(F46:I46) -> 2839.97 | F46: =F43-F45 -> 2839.97 | G46: =G43-G45 -> 0 | H46: =H43-H45 -> 0 | I46: =I43-I45 -> 0
B47: 11 | C47: Небаланс | D47: 1030 | E47: =SUM(F47:I47) -> 0 | F47: =(F8+F22+F27)-(F28+F40+F41+F42+F43) -> 0 | G47: =(G8+G22+G27)-(G28+G40+G41+G42+G43) -> 0 | H47: =(H8+H22+H27)-(H28+H40+H41+H42+H43) -> 0 | I47: =(I8+I22+I27)-(I28+I40+I41+I42+I43) -> 0
B48: II. Мощность (МВт)
B49: 12 | C49: Поступление в сеть из других организаций: | D49: 1040 | E49: =SUM(F49:I49) -> 38.805248 | F49: =F50+F51+F55+F58 -> 24.095872 | G49: =G50+G51+G55+G58 -> 0 | H49: =H50+H51+H55+H58 -> 14.705957 | I49: =I50+I51+I55+I58 -> 0.0034186073
B50: 12.1 | C50: из сетей ПАО "ФСК ЕЭС" | D50: 1050 | E50: =SUM(F50:I50) -> 0
B51: 12.2 | C51: от генерирующих компаний и блок-станций: | D51: 1060 | E51: =SUM(F51:I51) -> 13.567235 | F51: =SUM(F52:F54) -> 0 | G51: =SUM(G52:G54) -> 0 | H51: =SUM(H52:H54) -> 13.567235 | I51: =SUM(I52:I54) -> 0
B52: 12.2.0 | D52: 1060
A53: О | B53: 12.2.1 | C53: Акционерное общество "Синарская ТЭЦ" | D53: 1061 | E53: =SUM(F53:I53) -> 13.567235 | H53: =H12/8760 -> 13.567235
C54: Добавить организацию
B55: 12.3 | C55: от несетевых организаций: | D55: 1260 | E55: =SUM(F55:I55) -> 0 | F55: =SUM(F56:F57) -> 0 | G55: =SUM(G56:G57) -> 0 | H55: =SUM(H56:H57) -> 0 | I55: =SUM(I56:I57) -> 0
B56: 12.3.0 | D56: 1260
C57: Добавить организацию
B58: 12.4 | C58: от смежных сетевых организаций: | D58: 1460 | E58: =SUM(F58:I58) -> 25.238013 | F58: =SUM(F59:F62) -> 24.095872 | G58: =SUM(G59:G62) -> 0 | H58: =SUM(H59:H62) -> 1.1387218 | I58: =SUM(I59:I62) -> 0.0034186073
B59: 12.4.0 | D59: 1460
A60: О | B60: 12.4.1 | C60: Открытое акционерное общество "Межрегиональная распределительная сетевая компания Урала", г.Екатеринбург | D60: 1461 | E60: =SUM(F60:I60) -> 24.869252 | F60: =F19/8760 -> 23.727111 | H60: =H19/8760 -> 1.1387218 | I60: =I19/8760 -> 0.0034186073
A61: О | B61: 12.4.2 | C61: Акционерное общество "Региональная сетевая компания", г.Екатеринбург | D61: 1462 | E61: =SUM(F61:I61) -> 0.36876119 | F61: =F20/8760 -> 0.36876119
C62: Добавить организацию
B63: 13 | C63: Поступление в сеть из других уровней напряжения (трансформация) | D63: 1660 | E63: =SUM(F63:I63) -> 0 | F63: =F65+F66+F67 -> 0 | G63: =G64+G66+G67 -> 0 | H63: =H64+H65+H67 -> 0 | I63: =I64+I65+I66 -> 0
B64: 13.1 | C64: ВН | D64: 1670 | E64: =SUM(F64:I64) -> 0
B65: 13.2 | C65: СН1 | D65: 1680 | E65: =SUM(F65:I65) -> 0
B66: 13.3 | C66: СН2 | D66: 1690 | E66: =SUM(F66:I66) -> 0
B67: 13.4 | C67: НН | D67: 1700 | E67: =SUM(F67:I67) -> 0
B68: 14 | C68: Генерация на установках организации (совмещение деятельности) | D68: 1710 | E68: =SUM(F68:I68) -> 0
B69: 15 | C69: Отпуск из сети: | D69: 1720 | E69: =SUM(F69:I69) -> 2.180754 | F69: =F70+F72+F75+F80 -> 1.0386136 | G69: =G70+G72+G75+G80 -> 0 | H69: =H70+H72+H75+H80 -> 1.1387218 | I69: =I70+I72+I75+I80 -> 0.0034186073
B70: 15.1 | C70: прямым прочим потребителям по договорам оказания услуг по передаче электрической энергии, в том числе: | D70: 1730 | E70: =SUM(F70:I70) -> 0
B71: 15.1.1 | C71: потребителям, опосредованно подключенным к шинам генераторов | D71: 1740 | E71: =SUM(F71:I71) -> 0
B72: 15.2 | C72: потребителям ГП, ЭСО, ЭСК, в том числе: | D72: 1750 | E72: =SUM(F72:I72) -> 0.67290868 | H72: =H73 -> 0.66949007 | I72: =I73 -> 0.0034186073
B73: 15.2.1 | C73: прочим потребителям, в том числе: | D73: 1760 | E73: =SUM(F73:I73) -> 0.67290868 | H73: =H32/8760 -> 0.66949007 | I73: =I32/8760 -> 0.0034186073
B74: 15.2.1.1 | C74: потребителям, опосредованно подключенным к шинам генераторов | D74: 1770 | E74: =SUM(F74:I74) -> 0
B75: 15.3 | C75: смежным сетевым организациям: | D75: 1780 | E75: =SUM(F75:I75) -> 1.5078453 | F75: =SUM(F76:F79) -> 1.0386136 | G75: =SUM(G76:G79) -> 0 | H75: =SUM(H76:H79) -> 0.46923174 | I75: =SUM(I76:I79) -> 0
B76: 15.3.0 | D76: 1780
A77: О | B77: 15.3.1 | C77: Акционерное общество "Региональная сетевая компания", г.Екатеринбург | D77: 1781 | E77: =SUM(F77:I77) -> 1.2093974 | F77: =F36/8760 -> 0.80613607 | H77: =H36/8760 -> 0.4032613
A78: О | B78: 15.3.2 | C78: АО "Оборонэнерго" | D78: 1782 | E78: =SUM(F78:I78) -> 0.29844795 | F78: =F37/8760 -> 0.23247751 | H78: =H37/8760 -> 0.065970434
C79: Добавить организацию
B80: 15.4 | C80: населению и приравненным к нему категориям | D80: 1980 | E80: =SUM(F80:I80) -> 0
B81: 16 | C81: Отпуск в сеть других уровней напряжения | D81: 1990 | E81: =SUM(F81:I81) -> 0
B82: 17 | C82: Хозяйственные нужды организации | D82: 2000 | E82: =SUM(F82:I82) -> 4.168274 | F82: =F41/8760 -> 4.168274
B83: 18 | C83: Собственное потребление (совмещение деятельности) | D83: 2010 | E83: =SUM(F83:I83) -> 32.132022 | F83: =F42/8760 -> 18.564787 | H83: =H42/8760 -> 13.567235
B84: 19 | C84: Общий объем потерь (фактические объемы), в том числе: | D84: 2020 | E84: =SUM(F84:I84) -> 0.32419749 | F84: =F43/8760 -> 0.32419749
B85: 19.1 | C85: относимые на собственное потребление | D85: 2030 | E85: =SUM(F85:I85) -> 0.32419749 | F85: =F44/8760 -> 0.32419749
B86: 20 | C86: Нормативные потери (объемы потерь учтенные в сводном прогнозном балансе) | D86: 2040 | E86: =SUM(F86:I86) -> 0 | F86: =F45/720 -> 0
B87: 21 | C87: Объем превышения фактических объемов потерь электрической энергии над объемами потерь, учтенными в сводном прогнозном балансе за соответствующий расчетный период | D87: 2050 | E87: =SUM(F87:I87) -> 0.32419749 | F87: =F84-F86 -> 0.32419749 | G87: =G84-G86 -> 0 | H87: =H84-H86 -> 0 | I87: =I84-I86 -> 0
B88: 22 | C88: Небаланс | D88: 2060 | E88: =SUM(F88:I88) -> 0 | F88: =(F49+F63+F68)-(F69+F81+F82+F83+F84) -> 0 | G88: =(G49+G63+G68)-(G69+G81+G82+G83+G84) -> 0 | H88: =(H49+H63+H68)-(H69+H81+H82+H83+H84) -> 0 | I88: =(I49+I63+I68)-(I69+I81+I82+I83+I84) -> 0
B89: III. Мощность (МВт)
B90: 23 | C90: Заявленная мощность | D90: 2070 | E90: =SUM(F90:I90) -> 25.234594 | F90: =F49 -> 24.095872 | H90: =H58 -> 1.1387218
B91: 24 | C91: Максимальная мощность | D91: 2080 | E91: =SUM(F91:I91) -> 74.78 | F91: 72.764 | H91: 2.016
B92: 25 | C92: Резервируемая мощность | D92: 2090 | E92: =SUM(F92:I92) -> 49.545406 | F92: =F91-F90 -> 48.668128 | H92: =H91-H90 -> 0.8772782
B93: IV. Фактический полезный отпуск конечным потребителям (тыс. кВт ч; МВт)
B94: 26 | C94: Полезный отпуск конечным потребителям (тыс. кВт ч): | D94: 2100 | E94: =SUM(F94:I94) -> 0 | F94: =SUM(F95:F96) -> 0 | G94: =SUM(G95:G96) -> 0 | H94: =SUM(H95:H96) -> 0 | I94: =SUM(I95:I96) -> 0
B95: 26.1 | C95: по одноставочному тарифу | D95: 2110 | E95: =SUM(F95:I95) -> 0
B96: 26.2 | C96: по двухставочному тарифу: | D96: 2120 | E96: =SUM(F96:I96) -> 0 | F96: =F99 -> 0 | G96: =G99 -> 0 | H96: =H99 -> 0 | I96: =I99 -> 0
B97: 26.2.1 | C97: мощность (МВт), в том числе: | D97: 2130 | E97: =SUM(F97:I97) -> 0
B98: 26.2.1.1 | C98: опосредованно подключенным к шинам генераторов (МВт) | D98: 2140 | E98: =SUM(F98:I98) -> 0
B99: 26.2.2 | C99: компенсация потерь (тыс. кВт ч) | D99: 2150 | E99: =SUM(F99:I99) -> 0
B100: 27 | C100: Полезный отпуск потребителям ГП, ЭСО (тыс. кВт ч): | D100: 2160 | E100: =SUM(F100:I100) -> 19103.405 | F100: =F101+F117 -> 9098.255 | G100: =G101+G117 -> 0 | H100: =H101+H117 -> 9975.203 | I100: =I101+I117 -> 29.947
B101: 27.1 | C101: по одноставочному тарифу: | D101: 2170 | E101: =SUM(F101:I101) -> 19103.405 | F101: =F102+F103 -> 9098.255 | G101: =G102+G103 -> 0 | H101: =H102+H103 -> 9975.203 | I101: =I102+I103 -> 29.947
...

Sheet 19 п.г абз.4 зоны дея-ти
A1: 19. п.г абз. 4 Перечень зон деятельности | B1: 11. п.б абз. 12 Перечень зон деятельности | C1: 11. п.б абз. 12 Перечень зон деятельности | D1: 11. п.б абз. 12 Перечень зон деятельности | E1: 11. п.б абз. 12 Перечень зон деятельности | F1: 11. п.б абз. 12 Перечень зон деятельности | G1: 11. п.б абз. 12 Перечень зон деятельности | H1: 11. п.б абз. 12 Перечень зон деятельности | I1: 11. п.б абз. 12 Перечень зон деятельности | J1: 11. п.б абз. 12 Перечень зон деятельности | K1: 11. п.б абз. 12 Перечень зон деятельности
A2: АО "Синарский трубный завод" (собственник сетей) осуществляет услуги по передаче электроэнергии смежным сетевым организациям и конечным потребителям в городе Каменск-Уральский на основании актов разграничения балансовой принадлежности и эксплуатационной ответственности с потребителями. | B2: ПАО "Синарский трубный завод" осуществляет услуги по передаче электроэнергии смежным сетевым организациям и конечным потребителям в городе Каменск-Уральский на основании актов разгранечения балансовой принадлежности и эксплуатационной ответственности. | C2: ПАО "Синарский трубный завод" осуществляет услуги по передаче электроэнергии смежным сетевым организациям и конечным потребителям в городе Каменск-Уральский на основании актов разгранечения балансовой принадлежности и эксплуатационной ответственности. | D2: ПАО "Синарский трубный завод" осуществляет услуги по передаче электроэнергии смежным сетевым организациям и конечным потребителям в городе Каменск-Уральский на основании актов разгранечения балансовой принадлежности и эксплуатационной ответственности. | E2: ПАО "Синарский трубный завод" осуществляет услуги по передаче электроэнергии смежным сетевым организациям и конечным потребителям в городе Каменск-Уральский на основании актов разгранечения балансовой принадлежности и эксплуатационной ответственности. | F2: ПАО "Синарский трубный завод" осуществляет услуги по передаче электроэнергии смежным сетевым организациям и конечным потребителям в городе Каменск-Уральский на основании актов разгранечения балансовой принадлежности и эксплуатационной ответственности. | G2: ПАО "Синарский трубный завод" осуществляет услуги по передаче электроэнергии смежным сетевым организациям и конечным потребителям в городе Каменск-Уральский на основании актов разгранечения балансовой принадлежности и эксплуатационной ответственности. | H2: ПАО "Синарский трубный завод" осуществляет услуги по передаче электроэнергии смежным сетевым организациям и конечным потребителям в городе Каменск-Уральский на основании актов разгранечения балансовой принадлежности и эксплуатационной ответственности. | I2: ПАО "Синарский трубный завод" осуществляет услуги по передаче электроэнергии смежным сетевым организациям и конечным потребителям в городе Каменск-Уральский на основании актов разгранечения балансовой принадлежности и эксплуатационной ответственности. | J2: ПАО "Синарский трубный завод" осуществляет услуги по передаче электроэнергии смежным сетевым организациям и конечным потребителям в городе Каменск-Уральский на основании актов разгранечения балансовой принадлежности и эксплуатационной ответственности. | K2: ПАО "Синарский трубный завод" осуществляет услуги по передаче электроэнергии смежным сетевым организациям и конечным потребителям в городе Каменск-Уральский на основании актов разгранечения балансовой принадлежности и эксплуатационной ответственности.

Sheet 19 п. г абз. 5-6 Авар. откл
A2: Сводные данные об аварийных отключениях за 2020 год
A4: № п/п | B4: месяц | C4: Подстанция, наименование фидера | D4: организация | E4: Дата и время отключения | F4: Дата и время восстанов-ления нормальной схемы | G4: время простоя по вине сетевой организации, час | H4: объем недопос-тавленной энергии, кВт.ч. | I4: Причина аварии | J4: мероприятия по устранению аварии
A5: 1 | B5: март | C5: ПС ц В-2 РУ-6кВ, ф 15 (в/часть) | D5: АО "Оборонэнерго" | E5: 16.03.2020 в 21:15 | F5: 18.03.2020 в 17:50 | G5: - | H5: 0 | I5: Отключение от "МТЗ" (обрыв 2-х фаз ВЛ-6 кВ в сетях потребителя) авар. откл. не по вине ТСО, потребитель запитан по резервной схеме. | J5: Мероприятия по устранению аварии проведены Потребителем самостоятельно.
A6: 2 | B6: май | C6: ц.В-2 РУ-6кВ ф.15(воинская часть) | D6: АО "Оборонэнерго" | E6: 25.05.2020 в 22:10 | F6: 26.05.2020 в 13:45 | G6: - | H6: 0 | I6: МТЗ, обрыв м/д опорами №2 и №3 | J6: Мероприятия по устранению аварии проведены Потребителем самостоятельно.
A7: 3 | B7: июнь | C7: ПС 110/6 Волочильная РУ-6кВ ф.25 (в/ч) | D7: АО "Оборонэнерго" | E7: 19.06.2020 в 14:33 | F7: 44012 | G7: - | H7: 0 | I7: Отключился от МТЗ | J7: Мероприятия по устранению аварии проводятся Потребителем самостоятельно.
A8: 4 | B8: сентябрь | C8: ц.В-2 РУ-6кВ ф.18 (ТП Зоны ф.2) | D8: ФКУ ИК-47 | E8: 11.09.2020 в 22:46 | F8: 26.10.2020 в 22:14 | G8: - | H8: 0 | I8: МТЗ, "землярая защита", обрыв провода между 8-9 опорами и схлест между 2-3 опорами. | J8: Мероприятия по устранению аварии проведены Потребителем самостоятельно.
A9: 5 | B9: сентябрь | C9: ПС 110/6 Генераторная ф.2 "Город" | D9: АО "РСК" | E9: 13.09.2020 в 18:26 | F9: 13.09.2020 в 20:21 | G9: - | H9: 0 | I9: МТЗ, включен до опоры №38. ТП-7024 не включена, резервный ввод от КНС-2 на повреждении. | J9: Мероприятия по устранению аварии проведены ТСО самостоятельно.
A10: 6 | B10: октябрь-ноябрь | C10: ц.В-2 РУ-6кВ ф.18 (ТП Зоны ф.2) | D10: ФКУ ИК-47 | E10: 26.10.2020 в 22:14 | F10: 27.11.2020 в 17:00 | G10: - | H10: 0 | I10: Отключился от МТЗ, обрыв провода между 8-9 опорами и схлест между 2-3 опорами. | J10: Мероприятия по устранению аварии проведены Потребителем самостоятельно.

Sheet 19 п.г абз.7-8 Объем своб. мощ
A1: Сведения об общей пропускной способности сетей АО «СинТЗ»
A2: на 1 марта 2021 года
A3: наличие объема свободной для технологического присоединения потребителей мощности по центрам питания
A4: № п/п | B4: Центр питания | C4: Присоединенная мощность, МВА | D4: Максимальная мощность, МВт | E4: Фактическая максимальная нагрузка, кВт | F4: Резерв мощности завода, кВт | G4: Свободная мощность для технологического присоединения, кВт (с учетом поданных заявок)
G5: ВН | H5: СН-2 | I5: НН
A6: 1 | B6: ПС "Генераторная" 110/6 кВ | C6: 2х25 | D6: 15 | E6: 11.8 | F6: 3.2 | G6: 0 | H6: 3.2 | I6: 0
A7: 2 | B7: ПС "Волочильная" 110/6 кВ | C7: 2х32 | D7: 20 | E7: 15.2 | F7: 1.8 | G7: 0 | H7: 1.8 | I7: 0
A9: Сведения о наличии объема свободной для технологического присоединения потребителей трансформаторной мощности по подстанциям и распределительным пунктам напряжением ниже 6 кВ с дифференциацией по всем уровням напряжения будут предоставлены в течение 7 дней от запроса юридического или физического лица.

Sheet 19 п.г абз.9 Ремонты на 2020 
A2: График проведения ремонтов и испытаний высоковольтного оборудования электроцеха в 2020 г.
A4: Наименование оборудования и цеховой № | B4: №яч | C4: Инвент.№ | D4: Время выполнения ремонта | E4: 1 квартал | Q4: 2 квартал | AC4: 3 квартал | AO4: 4 квартал | BA4: Кол. рем. за год | BB4: Исполнитель ремонта
E5: январь | I5: февраль | M5: март | Q5: апрель | U5: май | Y5: июнь | AC5: июль | AG5: август | AK5: сентябрь | AO5: октябрь | AS5: ноябрь | AW5: декабрь
E6: 1 | F6: 2 | G6: 3 | H6: 4 | I6: 1 | J6: 2 | K6: 3 | L6: 4 | M6: 1 | N6: 2 | O6: 3 | P6: 4 | Q6: 1 | R6: 2 | S6: 3 | T6: 4 | U6: 1 | V6: 2 | W6: 3 | X6: 4 | Y6: 1 | Z6: 2 | AA6: 3 | AB6: 4 | AC6: 1 | AD6: 2 | AE6: 3 | AF6: 4 | AG6: 1 | AH6: 2 | AI6: 3 | AJ6: 4 | AK6: 1 | AL6: 2 | AM6: 3 | AN6: 4 | AO6: 1 | AP6: 2 | AQ6: 3 | AR6: 4 | AS6: 1 | AT6: 2 | AU6: 3 | AV6: 4 | AW6: 1 | AX6: 2 | AY6: 3 | AZ6: 4
A7: 1 | B7: 2 | C7: 3 | D7: 4 | E7: 5 | F7: 6 | G7: 7 | H7: 8 | I7: 9 | J7: 10 | K7: 11 | L7: 12 | M7: 13 | N7: 14 | O7: 15 | P7: 16 | Q7: 17 | R7: 18 | S7: 19 | T7: 20 | U7: 21 | V7: 22 | W7: 23 | X7: 24 | Y7: 25 | Z7: 26 | AA7: 27 | AB7: 28 | AC7: 29 | AD7: 30 | AE7: 31 | AF7: 32 | AG7: 33 | AH7: 34 | AI7: 35 | AJ7: 36 | AK7: 37 | AL7: 38 | AM7: 39 | AN7: 40 | AO7: 41 | AP7: 42 | AQ7: 43 | AR7: 44 | AS7: 45 | AT7: 46 | AU7: 47 | AV7: 48 | AW7: 49 | AX7: 50 | AY7: 51 | AZ7: 52 | BA7: 53 | BB7: 54
A8: ГПП-1 ОРУ-110кВ
A10: Разъединитель ЛР 110кВ Синарская ЗНЛР110кВ Синарская | C10: 100001006 | D10: план | AH10: Т/8 | BA10: 1 | BB10: электроцех
D11: факт
A12: Разъединитель ШР 110кВ Синарская ШНР110кВ Синарская в ст. В | C12: 100002913 | D12: план | AH12: Т/8 | BA12: 1 | BB12: электроцех
D13: факт
A14: Разъединитель ШР-1 110кВ СВ ЗНШР 110кВ в ст. В | C14: 100002906 | D14: план | AH14: Т/8 | BA14: 1 | BB14: электроцех
D15: факт
A16: Разъединитель ШР ТН-1 110кВ ЗНШР 110кВ в ст. ТН-1 | C16: 100002912 | D16: план | AH16: Т/8 | BA16: 1 | BB16: электроцех
D17: факт
A18: Разъединитель ШР Т-1 110кВ ЗНШР110кВ в ст. Т-1 | C18: 100002908 | D18: план | AH18: Т/8 | BA18: 1 | BB18: электроцех
D19: факт
A20: Выключатель В 110кВ Синарская | C20: 230414744 | D20: план | AH20: Т/8 | BA20: 1 | BB20: электроцех
D21: факт
A22: Выключатель В 110кВ Т-1 | C22: 100000180 | D22: план | AH22: Т/8 | BA22: 1 | BB22: электроцех
D23: факт
A24: Трансформатор напряжения ТН-1 | C24: 230414765-66-67 | D24: план | AH24: Т/8 | BA24: 1 | BB24: электроцех
D25: факт
A26: Ограничитель ОПН 110 кВ Т-1 | C26: 230414791 | D26: план | AH26: Т/8 | BA26: 1 | BB26: электроцех
D27: факт
A28: Трансформатор Т-1/25 | C28: 230414791 | D28: план | AH28: Т/8 | BA28: 1 | BB28: электроцех
D29: факт
A30: ЗОН Т-1 | C30: 230414791 | D30: план | AH30: к/1 | BA30: 1 | BB30: электроцех
D31: факт
A32: Ограничитель 1ОПН-П-110/56 | C32: 23041791 | D32: план | AH32: Т/8 | BA32: 1 | BB32: электроцех
D33: факт
A34: Шинный мост, ОПН-6кВ трансформатора Т-1 | C34: 230414791 | D34: план | AH34: к/1 | BA34: 1 | BB34: электроцех
D35: факт
A36: Выключатель СВМ | C36: 230414743 | D36: план | AI36: Т/8 | BA36: 1 | BB36: электроцех
D37: факт
A38: Разъединитель ЛР 110кВ Травянская ЗНЛР110кВ Травянская | C38: 100002905 | D38: план | AI38: Т/8 | BA38: 1 | BB38: электроцех
D39: факт
A40: Разъединитель ШР 110кВ Травянская ШНР110кВ Травянская в ст. В | C40: 100002911 | D40: план | AI40: Т/8 | BA40: 1 | BB40: электроцех
D41: факт
A42: Разъединитель ШР-2 110кВ СВ ЗНШР 110кВ в ст. В | C42: 100002909 | D42: план | AI42: Т/8 | BA42: 1 | BB42: электроцех
D43: факт
A44: Разъединитель ШР ТН-2 110кВ ЗНШР 110кВ в ст. ТН-2 | C44: 100002910 | D44: план | AI44: Т/8 | BA44: 1 | BB44: электроцех
D45: факт
A46: Разъединитель ШР Т-2 110кВ ЗНШР110кВ в ст. Т-2 | C46: 100002907 | D46: план | AI46: Т/8 | BA46: 1 | BB46: электроцех
D47: факт
A48: Выключатель В 110 кВ Травянская | C48: 230414742 | D48: план | AI48: Т/8 | BA48: 1 | BB48: электроцех
D49: факт
A50: Выключатель В110кВ Т-2 | C50: 100000181 | D50: план | AI50: Т/8 | BA50: 1 | BB50: электроцех
D51: факт
A52: Трансформатор напряжения ТН-2 110кВ | C52: 230414768-69-70 | D52: план | AI52: Т/8 | BA52: 1 | BB52: электроцех
D53: факт
A54: Ограничитель ОПН 110кВ Т-2 | C54: 230414792 | D54: план | AI54: Т/8 | BA54: 1 | BB54: электроцех
D55: факт
A56: Трансформатор Т-2/25 | C56: 23041792 | D56: план | AI56: Т/8 | BA56: 1 | BB56: электроцех
D57: факт
A58: Шинный мост, ОПН-6кВ трансформатора Т-2 | C58: 23041792 | D58: план | AI58: К/1 | BA58: 1 | BB58: электроцех
D59: факт
A60: ЗОН Т-2 | C60: 23041792 | D60: план | AI60: К/1 | BA60: 1 | BB60: электроцех
D61: факт
A62: Ограничитель 2ОПН-П-110/56 | C62: 230414792 | D62: план | AI62: Т/8 | BA62: 1 | BB62: электроцех
D63: факт
A64: РУ-6кВ | D64: план
D65: факт
A66: ТН-1 | B66: 1 | C66: 230414773 | D66: план | AH66: Т/8 | BA66: 1 | BB66: электроцех
D67: факт
A68: Город | B68: 2 | C68: 230414773 | D68: план | AH68: Т/8 | BA68: 1 | BB68: электроцех
D69: факт
A70: ТП-Кислородная ф.1 | B70: 2а | C70: 230414773 | D70: план | AG70: т/8 | BA70: 1 | BB70: электроцех
D71: факт
A72: Ввод от тр-ра №1 25 МВА | B72: 5 | C72: 230414773 | D72: план | AH72: Т/8 | BA72: 1 | BB72: электроцех
D73: факт
A74: Реактор РТ Т-1 | B74: 3 | C74: 230414773 | D74: план | AH74: Т/8 | BA74: 1 | BB74: электроцех
D75: факт
A76: ЗРМО ф.18 | B76: 6 | C76: 230414773 | D76: план | AJ76: Т/8 | BA76: 1 | BB76: электроцех
D77: факт
A78: ТН-3 6 кВ | B78: 7 | C78: 230414773 | D78: план | AH78: К/1 | BA78: 1 | BB78: электроцех
D79: факт
A80: ТСН-1 | B80: 9 | C80: 230414773 | D80: план | AH80: Т/8 | BA80: 1 | BB80: электроцех
D81: факт
A82: Трансформатор | C82: 10000129606 | D82: план | AH82: Т/8 | BA82: 1 | BB82: электроцех
D83: факт
A84: ТП-34А ф.6 | B84: 12 | C84: 230414773 | D84: план | AH84: Т/8 | BA84: 1 | BB84: электроцех
D85: факт
A86: ОПН-6 кВ 1С | B86: 19 | C86: 230414773 | D86: план | AH86: Т/8 | BA86: 1 | BB86: электроцех
D87: факт
A88: Ввод №2 от тр-ра №2 25МВА | B88: 33 | C88: 230414773 | D88: план | AI88: Т/8 | BA88: 1 | BB88: электроцех
D89: факт
A90: Реактор РТ Т-2 | B90: 35 | C90: 230414773 | D90: план | AI90: Т/8 | BA90: 1 | BB90: электроцех
D91: факт
A92: секция сборных шин №1 | C92: 230414773 | D92: план | AI92: Т/8 | BA92: 1 | BB92: электроцех
D93: факт
A94: ГПП-3 ОРУ-110 кВ | D94: план
D95: факт
A96: Разъединитель ЛР 110кВ Травянская ЗНЛР110кВ Травянская | C96: 230414614 | D96: план | W96: Т/8 | BA96: 1 | BB96: электроцех
D97: факт
A98: Разъединитель ШР-1 110кВ СВ ЗНШР110кВ в ст.СВ | C98: 100001002 | D98: план | W98: К/1 | BA98: 1 | BB98: электроцех
D99: факт
A100: Разъединитель ШР 110кВ Т-1 ЗНШР110кВ Т-1 в ст. В | C100: 100000636 | D100: план | W100: К/1 | BA100: 1 | BB100: электроцех
D101: факт
A102: Разъединитель ШР 110 кВ ТН-1 ЗНШР 110 кВ в ст ТН-1 | C102: 230414610 | D102: план | W102: К/1 | BA102: 1 | BB102: электроцех
D103: факт
...

Sheet 19 п.д тех.присоединение
A1: Сведения о поданных заявках на технологическое присоединение в сетях АО «СинТЗ» на 1 марта 2021 года
A5: № | B5: Кол-во заявок | C5: Наименование участка эл.сети, напряжение, кВ | D5: Наименование абонента | E5: Мощность присоединенная (максимальная по заявке) (кВт) | F5: № договора на технологическое присоединение, дата заключения | G5: Стоимость по договору, руб | H5: Аннулированные заявки на технологические присоединения
G6: (без НДС)
A7: 1 | B7: - | C7: - | D7: - | E7: - | F7: - | G7: - | H7: -
C10: Заявок на технологическое присоединение к сетям АО "СинТЗ" нет.

Sheet 19 п.е Величина резер. мощности
A1: Величина резервируемой максимальной мощности по уровням напряжения в соответствии с Правилами недискриминационного доступа к услугам по передаче электрической энергии и оказания этих услуг
A3: № п/п | B3: Уровень напряжения | C3: Максимальная мощность, кВт | D3: Фактическая мощность, кВт | E3: Резервируемая максимальная мощность, кВт
A4: 1 | B4: ВН | C4: 6800 | D4: 1560 | E4: =C4-D4 -> 5240
A5: 2 | B5: СН2 | C5: 6106 | D5: 1033 | E5: =C5-D5 -> 5073
A6: 3 | B6: НН | C6: 0 | D6: 0 | E6: 0

Sheet 19 п.ж Контрольный замер
D2: Ведомость суточного замера активной нагрузки за 17 июня 2020 года
B5: Договор электроснабжения №14/30385-2006 с АО "ЭК "Восток"
B6: ПАО "СинТЗ"
B8: часы (Уральское время) | C8: ПС "Генераторная" ввод 1 | D8: ПС "Генераторная" ввод 2 | E8: ПС "Волочильная" ввод 1 | F8: ПС "Волочильная" ввод 2 | G8: ПС "Волочильная" ввод 3 | H8: ПС "Волочильная" ввод 4 | I8: ПС "Калибровочная" ввод 1 | J8: ПС "Калибровочная" ввод 2 | K8: ПС "Калибровочная" ввод 3 | L8: ПС "Калибровочная" ввод 4 | M8: ТП-45 ф.4 | N8: Транзитные потребители
N9: АО "РСК" | O9: АО "Оборонэнерго" | P9: ООО "Завод Трубодеталь" | Q9: ФКУ ИК-47 | R9: ЗАО "Втормет" | S9: ЗАО "КСК" | T9: ООО "СЗСМ" | U9: Итого ПАО "СинТЗ" без транзита | V9: Итого по транзитным потребителям
C10: ВН | D10: ВН | E10: ВН | F10: ВН | G10: ВН | H10: ВН | I10: ВН | J10: ВН | K10: ВН | L10: ВН | M10: СН2 | N10: СН2 | O10: СН2 | P10: СН2 | Q10: СН2 | R10: СН2 | S10: СН2 | T10: СН2 | U10: ВН | V10: СН2
B11: 00.00-01.00 | C11: -2323.2 | D11: -4215.6 | E11: 2124 | F11: 6332.4 | G11: 3684.6 | H11: 1207.2 | I11: 0 | J11: 0 | K11: 4968 | L11: 11818.8 | M11: 381.42 | N11: =[2]РСК!K11 -> 697.98 | O11: =[2]оборон!C2 -> 291.06 | P11: 0.96 | Q11: =[2]ик47!C2 -> 217.8 | R11: 6.3 | S11: =[2]КСК!D8 -> 14.4 | T11: =[2]СЗСМ!E3 -> 13.32 | U11: =(C11+D11+E11+F11+G11+H11+I11+J11+K11+L11+M11-V11) -> 22735.8 | V11: =(N11+O11+R11+S11+T11+Q11+P11) -> 1241.82
B12: 01.00-02.00 | C12: -2319.6 | D12: -4255.2 | E12: 2233.8 | F12: 6460.2 | G12: 3751.2 | H12: 1199.4 | I12: 0 | J12: 0 | K12: 2448 | L12: 9165.6 | M12: 381.96 | N12: =[2]РСК!K12 -> 620.46 | O12: =[2]оборон!C3 -> 249.54 | P12: 0.96 | Q12: =[2]ик47!C3 -> 226.98 | R12: 6 | S12: =[2]КСК!D9 -> 14.4 | T12: =[2]СЗСМ!E4 -> 13.68 | U12: =(C12+D12+E12+F12+G12+H12+I12+J12+K12+L12+M12-V12) -> 17933.34 | V12: =(N12+O12+R12+S12+T12+Q12+P12) -> 1132.02
B13: 02.00-03.00 | C13: -2571.6 | D13: -4360.8 | E13: 2124 | F13: 6469.2 | G13: 3659.4 | H13: 1197.6 | I13: 0 | J13: 0 | K13: 2163.6 | L13: 8676 | M13: 386.82 | N13: =[2]РСК!K13 -> 688.56 | O13: =[2]оборон!C4 -> 220.5 | P13: 0.72 | Q13: =[2]ик47!C4 -> 223.38 | R13: 5.76 | S13: =[2]КСК!D10 -> 13.92 | T13: =[2]СЗСМ!E5 -> 12.96 | U13: =(C13+D13+E13+F13+G13+H13+I13+J13+K13+L13+M13-V13) -> 16578.42 | V13: =(N13+O13+R13+S13+T13+Q13+P13) -> 1165.8
B14: 03.00-04.00 | C14: -2856 | D14: -4540.8 | E14: 1917 | F14: 6388.2 | G14: 3436.2 | H14: 1177.2 | I14: 0 | J14: 0 | K14: 3927.6 | L14: 10900.8 | M14: 386.64 | N14: =[2]РСК!K14 -> 566.34 | O14: =[2]оборон!C5 -> 204.36 | P14: 0.96 | Q14: =[2]ик47!C5 -> 218.16 | R14: 6 | S14: =[2]КСК!D11 -> 14.16 | T14: =[2]СЗСМ!E6 -> 11.88 | U14: =(C14+D14+E14+F14+G14+H14+I14+J14+K14+L14+M14-V14) -> 19714.98 | V14: =(N14+O14+R14+S14+T14+Q14+P14) -> 1021.86
B15: 04.00-05.00 | C15: -2692.8 | D15: -4550.4 | E15: 2203.2 | F15: 6505.2 | G15: 3616.2 | H15: 1162.8 | I15: 0 | J15: 0 | K15: 5223.6 | L15: 11631.6 | M15: 386.64 | N15: =[2]РСК!K15 -> 539.82 | O15: =[2]оборон!C6 -> 211.14 | P15: 0.96 | Q15: =[2]ик47!C6 -> 228.6 | R15: 4.32 | S15: =[2]КСК!D12 -> 9.6 | T15: =[2]СЗСМ!E7 -> 11.52 | U15: =(C15+D15+E15+F15+G15+H15+I15+J15+K15+L15+M15-V15) -> 22480.08 | V15: =(N15+O15+R15+S15+T15+Q15+P15) -> 1005.96
B16: 05.00-06.00 | C16: -2674.8 | D16: -4459.2 | E16: 2201.4 | F16: 6422.4 | G16: 3634.2 | H16: 1178.4 | I16: 0 | J16: 0 | K16: 4752 | L16: 11970 | M16: 386.46 | N16: =[2]РСК!K16 -> 558 | O16: =[2]оборон!C7 -> 214.26 | P16: 0.96 | Q16: =[2]ик47!C7 -> 273.06 | R16: 3.66 | S16: =[2]КСК!D13 -> 12.72 | T16: =[2]СЗСМ!E8 -> 13.32 | U16: =(C16+D16+E16+F16+G16+H16+I16+J16+K16+L16+M16-V16) -> 22334.88 | V16: =(N16+O16+R16+S16+T16+Q16+P16) -> 1075.98
B17: 06.00-07.00 | C17: -2539.2 | D17: -4297.2 | E17: 2203.2 | F17: 6485.4 | G17: 3576.6 | H17: 1179.6 | I17: 0 | J17: 0 | K17: 5659.2 | L17: 12661.2 | M17: 386.28 | N17: =[2]РСК!K17 -> 614.64 | O17: =[2]оборон!C8 -> 247.32 | P17: 0.96 | Q17: =[2]ик47!C8 -> 304.2 | R17: 4.14 | S17: =[2]КСК!D14 -> 40.8 | T17: =[2]СЗСМ!E9 -> 14.76 | U17: =(C17+D17+E17+F17+G17+H17+I17+J17+K17+L17+M17-V17) -> 24088.26 | V17: =(N17+O17+R17+S17+T17+Q17+P17) -> 1226.82
B18: 07.00-08.00 | C18: -2379.6 | D18: -4134 | E18: 2093.4 | F18: 6192 | G18: 3146.4 | H18: 1189.8 | I18: 0 | J18: 0 | K18: 5151.6 | L18: 12740.4 | M18: 386.82 | N18: =[2]РСК!K18 -> 713.76 | O18: =[2]оборон!C9 -> 276.96 | P18: 0.96 | Q18: =[2]ик47!C9 -> 309.6 | R18: 5.94 | S18: =[2]КСК!D15 -> 50.88 | T18: =[2]СЗСМ!E10 -> 27.9 | U18: =(C18+D18+E18+F18+G18+H18+I18+J18+K18+L18+M18-V18) -> 23000.82 | V18: =(N18+O18+R18+S18+T18+Q18+P18) -> 1386
B19: 08.00-09.00 | C19: -2233.2 | D19: -3722.4 | E19: 2151 | F19: 6064.2 | G19: 3112.2 | H19: 1108.8 | I19: 0 | J19: 0 | K19: 3506.4 | L19: 10029.6 | M19: 376.02 | N19: =[2]РСК!K19 -> 855.3 | O19: =[2]оборон!C10 -> 305.76 | P19: 0.96 | Q19: =[2]ик47!C10 -> 334.98 | R19: 79.92 | S19: =[2]КСК!D16 -> 145.92 | T19: =[2]СЗСМ!E11 -> 111.24 | U19: =(C19+D19+E19+F19+G19+H19+I19+J19+K19+L19+M19-V19) -> 18558.54 | V19: =(N19+O19+R19+S19+T19+Q19+P19) -> 1834.08
B20: 09.00-10.00 | C20: -1772.4 | D20: -3374.4 | E20: 2368.8 | F20: 6093 | G20: 3225.6 | H20: 1099.2 | I20: 0 | J20: 0 | K20: 5270.4 | L20: 12027.6 | M20: 363.42 | N20: =[2]РСК!K20 -> 1214.34 | O20: =[2]оборон!C11 -> 342.84 | P20: 0.96 | Q20: =[2]ик47!C11 -> 437.76 | R20: 93.12 | S20: =[2]КСК!D17 -> 154.32 | T20: =[2]СЗСМ!E12 -> 128.34 | U20: =(C20+D20+E20+F20+G20+H20+I20+J20+K20+L20+M20-V20) -> 22929.54 | V20: =(N20+O20+R20+S20+T20+Q20+P20) -> 2371.68
B21: 10.00-11.00 | C21: -1616.4 | D21: -3156 | E21: 2482.2 | F21: 5979.6 | G21: 3297.6 | H21: 1116.6 | I21: 0 | J21: 0 | K21: 6404.4 | L21: 12787.2 | M21: 361.26 | N21: =[2]РСК!K21 -> 1323.78 | O21: =[2]оборон!C12 -> 390.3 | P21: 0.72 | Q21: =[2]ик47!C12 -> 426.24 | R21: 48.54 | S21: =[2]КСК!D18 -> 139.68 | T21: =[2]СЗСМ!E13 -> 119.7 | U21: =(C21+D21+E21+F21+G21+H21+I21+J21+K21+L21+M21-V21) -> 25207.5 | V21: =(N21+O21+R21+S21+T21+Q21+P21) -> 2448.96
B22: 11.00-12.00 | C22: -1892.4 | D22: -3493.2 | E22: 2046.6 | F22: 5866.2 | G22: 2977.2 | H22: 1104 | I22: 0 | J22: 0 | K22: 6069.6 | L22: 12571.2 | M22: 361.08 | N22: =[2]РСК!K22 -> 1311.42 | O22: =[2]оборон!C13 -> 348.84 | P22: 0.96 | Q22: =[2]ик47!C13 -> 422.46 | R22: 52.38 | S22: =[2]КСК!D19 -> 84.48 | T22: =[2]СЗСМ!E14 -> 131.76 | U22: =(C22+D22+E22+F22+G22+H22+I22+J22+K22+L22+M22-V22) -> 23257.98 | V22: =(N22+O22+R22+S22+T22+Q22+P22) -> 2352.3
... B34: 23.00-24.00 | C34: -2001.6 | D34: -3908.4 | E34: 1868.4 | F34: 6517.8 | G34: 3632.4 | H34: 1250.4 | I34: 0 | J34: 0 | K34: 5176.8 | L34: 11671.2 | M34: 380.16 | N34: =[2]РСК!K34 -> 788.88 | O34: =[2]оборон!C25 -> 312.54 | P34: 0.96 | Q34: =[2]ик47!C25 -> 244.08 | R34: 7.44 | S34: =[2]КСК!D31 -> 14.4 | T34: =[2]СЗСМ!E26 -> 15.84 | U34: =(C34+D34+E34+F34+G34+H34+I34+J34+K34+L34+M34-V34) -> 23203.02 | V34: =(N34+O34+R34+S34+T34+Q34+P34) -> 1384.14
B35: Расход за сутки, кВтч | C35: =SUM(C11:C34) -> -50283.6 | D35: =SUM(D11:D34) -> -91825.2 | E35: =SUM(E11:E34) -> 53467.2 | F35: =SUM(F11:F34) -> 149707.8 | G35: =SUM(G11:G34) -> 81959.4 | H35: =SUM(H11:H34) -> 28147.8 | I35: =SUM(I11:I34) -> 0 | J35: =SUM(J11:J34) -> 0 | ... V35: =SUM(V11:V34) -> 39989.04
D40: Ведомость суточного замера активной нагрузки за 16 декабря 2020 года
B43: Договор электроснабжения №14/30385-2006 с АО "ЭК "Восток"
B44: АО "СинТЗ"
B46: часы (Уральское время) | C46: ПС "Генераторная" ввод 1 | D46: ПС "Генераторная" ввод 2 | E46: ПС "Волочильная" ввод 1 | F46: ПС "Волочильная" ввод 2 | G46: ПС "Волочильная" ввод 3 | H46: ПС "Волочильная" ввод 4 | I46: ПС "Калибровочная" ввод 1 | J46: ПС "Калибровочная" ввод 2 | K46: ПС "Калибровочная" ввод 3 | L46: ПС "Калибровочная" ввод 4 | M46: ТП-45 ф.4 | N46: Транзитные потребители
N47: АО "РСК" | O47: АО "Оборонэнерго" | P47: ООО "Завод Трубодеталь" | Q47: ФКУ ИК-47 | R47: ООО «Вторчермет НЛМК Урал» | S47: ООО «СМУ КСК-2» | T47: ООО "СЗСМ" | U47: Итого ПАО "СинТЗ" без транзита | V47: Итого по транзитным потребителям
C48: ВН | D48: ВН | E48: ВН | F48: ВН | G48: ВН | H48: ВН | I48: ВН | J48: ВН | K48: ВН | L48: ВН | M48: СН2 | N48: СН2 | O48: СН2 | P48: СН2 | Q48: СН2 | R48: СН2 | S48: СН2 | T48: СН2 | U48: ВН | V48: СН2
B49: 00.00-01.00 | C49: -6642 | D49: -4495.2 | E49: 2113.02 | F49: 4006.8 | G49: 4347 | H49: 1262.52 | I49: 4863.6 | J49: 5029.2 | K49: 3592.8 | L49: 5259.6 | M49: 417.96 | N49: =[3]РСК!K49 -> 0 | O49: =[3]оборон!C40 -> 0 | P49: 3.84 | Q49: =[3]ик47!C40 -> 0 | R49: 9 | S49: =[3]КСК!D46 -> 0 | T49: =[3]СЗСМ!E41 -> 0 | U49: =(C49+D49+E49+F49+G49+H49+I49+J49+K49+L49+M49-V49) -> 19742.46 | V49: =(N49+O49+R49+S49+T49+Q49+P49) -> 12.84
B50: 01.00-02.00 | C50: -6638.4 | D50: -4473.6 | E50: 2165.94 | F50: 4014.36 | G50: 4490.64 | H50: 1254.96 | I50: 4723.2 | J50: 5022 | K50: 3344.4 | L50: 5086.8 | M50: 426.96 | N50: =[3]РСК!K50 -> 0 | O50: =[3]оборон!C41 -> 0 | P50: 3.6 | Q50: =[3]ик47!C41 -> 0 | R50: 8.76 | S50: =[3]КСК!D47 -> 0 | T50: =[3]СЗСМ!E42 -> 0 | U50: =(C50+D50+E50+F50+G50+H50+I50+J50+K50+L50+M50-V50) -> 19404.9 | V50: =(N50+O50+R50+S50+T50+Q50+P50) -> 12.36
B51: 02.00-03.00 | C51: -6609.6 | D51: -4447.2 | E51: 2131.92 | F51: 4014.36 | G51: 4411.26 | H51: 1254.96 | I51: 4737.6 | J51: 4935.6 | K51: 3304.8 | L51: 4975.2 | M51: 426.96 | N51: =[3]РСК!K51 -> 0 | O51: =[3]оборон!C42 -> 0 | P51: 3.84 | Q51: =[3]ик47!C42 -> 0 | R51: 8.52 | S51: =[3]КСК!D48 -> 0 | T51: =[3]СЗСМ!E43 -> 0 | U51: =(C51+D51+E51+F51+G51+H51+I51+J51+K51+L51+M51-V51) -> 19123.5 | V51: =(N51+O51+R51+S51+T51+Q51+P51) -> 12.36
B52: 03.00-04.00 | C52: -7092 | D52: -4720.8 | E52: 1958.04 | F52: 3863.16 | G52: 4195.8 | H52: 1258.74 | I52: 4683.6 | J52: 4111.2 | K52: 2440.8 | L52: 4021.2 | M52: 426.6 | N52: =[3]РСК!K52 -> 0 | O52: =[3]оборон!C43 -> 0 | P52: 3.6 | Q52: =[3]ик47!C43 -> 0 | R52: 8.64 | S52: =[3]КСК!D49 -> 0 | T52: =[3]СЗСМ!E44 -> 0 | U52: =(C52+D52+E52+F52+G52+H52+I52+J52+K52+L52+M52-V52) -> 15134.1 | V52: =(N52+O52+R52+S52+T52+Q52+P52) -> 12.24
B53: 04.00-05.00 | C53: -6918 | D53: -4738.8 | E53: 2105.46 | F53: 4029.48 | G53: 4384.8 | H53: 1258.74 | I53: 5601.6 | J53: 4784.4 | K53: 3762 | L53: 4712.4 | M53: 426.6 | N53: =[3]РСК!K53 -> 0 | O53: =[3]оборон!C44 -> 0 | P53: 3.84 | Q53: =[3]ик47!C44 -> 0 | R53: 8.52 | S53: =[3]КСК!D50 -> 0 | T53: =[3]СЗСМ!E45 -> 0 | U53: =(C53+D53+E53+F53+G53+H53+I53+J53+K53+L53+M53-V53) -> 19396.32 | V53: =(N53+O53+R53+S53+T53+Q53+P53) -> 12.36
B54: 05.00-06.00 | C54: -6706.8 | D54: -4495.2 | E54: 2116.8 | F54: 4018.14 | G54: 4312.98 | H54: 1254.96 | I54: 6865.2 | J54: 5162.4 | K54: 4597.2 | L54: 4975.2 | M54: 425.16 | N54: =[3]РСК!K54 -> 0 | O54: =[3]оборон!C45 -> 0 | P54: 4.08 | Q54: =[3]ик47!C45 -> 0 | R54: 9.12 | S54: =[3]КСК!D51 -> 0 | T54: =[3]СЗСМ!E46 -> 0 | U54: =(C54+D54+E54+F54+G54+H54+I54+J54+K54+L54+M54-V54) -> 22512.84 | V54: =(N54+O54+R54+S54+T54+Q54+P54) -> 13.2
B55: 06.00-07.00 | C55: -6498 | D55: -4297.2 | E55: 2094.12 | F55: 3957.66 | G55: 4256.28 | H55: 1296.54 | I55: 7045.2 | J55: 5457.6 | K55: 4572 | L55: 5205.6 | M55: 420.84 | N55: =[3]РСК!K55 -> 0 | O55: =[3]оборон!C46 -> 0 | P55: 4.56 | Q55: =[3]ик47!C46 -> 0 | R55: 7.56 | S55: =[3]КСК!D52 -> 0 | T55: =[3]СЗСМ!E47 -> 0 | U55: =(C55+D55+E55+F55+G55+H55+I55+J55+K55+L55+M55-V55) -> 23498.52 | V55: =(N55+O55+R55+S55+T55+Q55+P55) -> 12.12
B56: 07.00-08.00 | C56: -6402 | D56: -4212 | E56: 2124.36 | F56: 3711.96 | G56: 4059.72 | H56: 1300.32 | I56: 6768 | J56: 5382 | K56: 4060.8 | L56: 5058 | M56: 419.76 | N56: =[3]РСК!K56 -> 0 | O56: =[3]оборон!C47 -> 0 | P56: 5.76 | Q56: =[3]ик47!C47 -> 0 | R56: 8.76 | S56: =[3]КСК!D53 -> 0 | T56: =[3]СЗСМ!E48 -> 0 | U56: =(C56+D56+E56+F56+G56+H56+I56+J56+K56+L56+M56-V56) -> 22256.4 | V56: =(N56+O56+R56+S56+T56+Q56+P56) -> 14.52
B57: 08.00-09.00 | C57: -5918.4 | D57: -3567.6 | E57: 2158.38 | F57: 3802.68 | G57: 4210.92 | H57: 1319.22 | I57: 5623.2 | J57: 4226.4 | K57: 2901.6 | L57: 4222.8 | M57: 418.32 | N57: =[3]РСК!K57 -> 0 | O57: =[3]оборон!C48 -> 0 | P57: 8.64 | Q57: =[3]ик47!C48 -> 0 | R57: 105.24 | S57: =[3]КСК!D54 -> 0 | T57: =[3]СЗСМ!E49 -> 0 | U57: =(C57+D57+E57+F57+G57+H57+I57+J57+K57+L57+M57-V57) -> 19283.64 | V57: =(N57+O57+R57+S57+T57+Q57+P57) -> 113.88
B58: 09.00-10.00 | C58: -5692.8 | D58: -3343.2 | E58: 2415.42 | F58: 3878.28 | G58: 4547.34 | H58: 1103.76 | I58: 7646.4 | J58: 5943.6 | K58: 4467.6 | L58: 6166.8 | M58: 417.6 | N58: =[3]РСК!K58 -> 0 | O58: =[3]оборон!C49 -> 0 | P58: 11.52 | Q58: =[3]ик47!C49 -> 0 | R58: 105.48 | S58: =[3]КСК!D55 -> 0 | T58: =[3]СЗСМ!E50 -> 0 | U58: =(C58+D58+E58+F58+G58+H58+I58+J58+K58+L58+M58-V58) -> 27433.8 | V58: =(N58+O58+R58+S58+T58+Q58+P58) -> 117
B59: 10.00-11.00 | C59: -5623.2 | D59: -3180 | E59: 2479.68 | F59: 3757.32 | G59: 4350.78 | H59: 1047.06 | I59: 7495.2 | J59: 5655.6 | K59: 4197.6 | L59: 5846.4 | M59: 419.4 | N59: =[3]РСК!K59 -> 0 | O59: =[3]оборон!C50 -> 0 | P59: 17.52 | Q59: =[3]ик47!C50 -> 0 | R59: 57.36 | S59: =[3]КСК!D56 -> 0 | T59: =[3]СЗСМ!E51 -> 0 | U59: =(C59+D59+E59+F59+G59+H59+I59+J59+K59+L59+M59-V59) -> 26370.96 | V59: =(N59+O59+R59+S59+T59+Q59+P59) -> 74.88
B60: 11.00-12.00 | C60: -5736 | D60: -3565.2 | E60: 2309.58 | F60: 3821.58 | G60: 4048.38 | H60: 933.66 | I60: 6343.2 | J60: 5493.6 | K60: 3931.2 | L60: 5760 | M60: 424.8 | N60: =[3]РСК!K60 -> 0 | O60: =[3]оборон!C51 -> 0 | P60: 26.64 | Q60: =[3]ик47!C51 -> 0 | R60: 114.12 | S60: =[3]КСК!D57 -> 0 | T60: =[3]СЗСМ!E52 -> 0 | U60: =(C60+D60+E60+F60+G60+H60+I60+J60+K60+L60+M60-V60) -> 23624.04 | V60: =(N60+O60+R60+S60+T60+Q60+P60) -> 140.76
... B72: 23.00-24.00 | C72: -6541.2 | D72: -4227.6 | E72: 2026.08 | F72: 3870.72 | G72: 4622.94 | H72: 1084.86 | I72: 7081.2 | J72: 5810.4 | K72: 4014 | L72: 6458.4 | M72: 423 | N72: =[3]РСК!K72 -> 0 | O72: =[3]оборон!C63 -> 0 | P72: 2.16 | Q72: =[3]ик47!C63 -> 0 | R72: 10.56 | S72: =[3]КСК!D69 -> 0 | T72: =[3]СЗСМ!E64 -> 0 | U72: =(C72+D72+E72+F72+G72+H72+I72+J72+K72+L72+M72-V72) -> 24610.08 | V72: =(N72+O72+R72+S72+T72+Q72+P72) -> 12.72
B73: Расход за сутки, кВтч | C73: =SUM(C49:C72) -> -149698.8 | D73: =SUM(D49:D72) -> -95522.4 | E73: =SUM(E49:E72) -> 53925.48 | F73: =SUM(F49:F72) -> 91974.96 | G73: =SUM(G49:G72) -> 105155.82 | H73: =SUM(H49:H72) -> 26025.3 | I73: =SUM(I49:I72) -> 151851.6 | J73: =SUM(J49:J72) -> 122986.8 | ... V73: =SUM(V49:V72) -> 1165.68

Sheet 19 п.з-л договора тех. присоед.
A1: 19 п. з Условия договоров на передачу электроэнергии
A2: Оказание услуг по передаче электрической энергии осуществляется на основании договора № 21 ПЭ от 26 ноября 2006г. между ОАО «МРСК Урала» (ОАО «Свердловэнерго») и АО «Синарский трубный завод» на основании «Правил недискриминационного доступа к услугам по передаче электрической энергии», утвержденных Постановлением Правительства РФ № 861 от 27.12.2004г.
A3: Тариф на услуги по передаче электрической энергии для взаимозачетов между сетевыми организациями, ежегодно утверждается постановлением РЭК Свердловской области в соответствии с ФЗ от 26.03.2003 № 35-ФЗ «Об электроэнергетике» ПП РФ № 1178 от 29.12.2011 " О ценообразовании в области регулируемых цен ( тарифов) в электроэнергетике" ( с изменениями) и публикуется в «Областной газете».
A4: АО "СинТЗ" обязуется ОАО «МРСК Урала» (ОАО «Свердловэнерго») оказывать услуги по передаче электрической энергии от точек приема до точек отпуска через электрические сети принадлежащих АО "СинТЗ" на праве собственности, а ОАО «МРСК Урала» (ОАО «Свердловэнерго») обязуется оплачивать эти услуги.
A5: Отчетным периодом для определения объема услуг является один месяц. Объем услуг по предаче электроэнергии по сетям АО "СинТЗ" определяется, как сумма фактического объема передачи электроэнергии по сетям АО "СинТЗ"без учета объема электроэнергии, использованной АО "СинТЗ" на собственные и хозяйственные нужды в соответствующем отчетном месяце.
A6: Расчетным периодом для оплаты оказываемых услуг является один календарный месяц:
A7: до 15 числа расчетного месяца оплачивает 20% от суммы платажа.
A8: до 30(31) числа расчетного месяца оплачивает 50% от суммы платажа.
A9: окончательный расчетпроизводится до 30 числа следующего за расчетным.
A11: Условия договоров по технологическому присоединению
A12: Оказание услуг по технологическому присоединению АО «СинТЗ» осуществляется на основании «Правил технологического присоединения энергопринимающих устройств потребителей электрической энергии, объектов по производству электрической энергии, а также объектов электросетевого хозяйства, принадлежащих сетевым организациям и иным лицам, к электрическим сетям» утвержденных Постановлением Правительством РФ от 27 декабря 2004г. № 861 (с изменениями и дополнениями).
A13: 19 п. и, к, л Процедура технологического присоединения
... A1104: ОКАЗАНИЯ УСЛУГ ПО ПЕРЕДАЧЕ ЭЛЕКТРИЧЕСКОЙ ЭНЕРГИИ И МОЩНОСТИ
A1107: г. Екатеринбург | B1107: « » _________ 20__ года
A1110: ОАО «Межрегиональная распределительная сетевая компания Урала» (ОАО «МРСК Урала»), именуемое в дальнейшем «Заказчик», в лице____________________________________________________________________________, действующего на основании ______________________________________, с одной Стороны, и
A1111: ________________________________________________________, именуемое в дальнейшем «Исполнитель», в лице директора _______________________________________, действующего на основании __________________________, с другой Стороны,
A1112: совместно именуемые «Стороны»,
A1113: во исполнение обязательств Заказчика, принятых им на основании заключенных с Гарантирующими поставщиками (Энергосбытовыми организациями) (далее по тексту ГП (ЭСО)) Договоров оказания услуг, по передаче электрической энергии и мощности Потребителям соответствующих ГП (ЭСО), заключили настоящий Договор о нижеследующем:
A1114: 1 ОБЩИЕ ПОЛОЖЕНИЯ
A1115: 1.1 Стороны договорились понимать используемые в настоящем Договоре термины в следующем значении:
A1116: Потребители – физические и юридические лица, приобретающие электрическую энергию и мощность у ГП (ЭСО) для собственных нужд, и имеющие на праве собственности или на ином законном основании энергопринимающие устройства, и (или) приобретающие электрическую энергию и мощность в целях её перепродажи, в том числе исполнители коммунальных услуг.
A1117: Заявленная мощность - величина мощности, планируемой к использованию в предстоящем расчетном периоде регулирования, применяемая в целях установления тарифов на услуги по передаче электрической энергии, определяемая по соглашению Сторон и исчисляемая в мегаваттах;
A1118: Максимальная мощность - наибольшая величина мощности, определенная к одномоментному использованию энергопринимающими устройствами (объектами электросетевого хозяйства) в соответствии с документами о технологическом присоединении и обусловленная составом энергопринимающего оборудования (объектов электросетевого хозяйства) и технологическим процессом потребителя, в пределах которой сетевая организация принимает на себя обязательства обеспечить передачу электрической энергии, исчисляемая в мегаваттах
A1119: Точка приема – место в электрической сети Исполнителя (в том числе от сети Производителя электрической энергии), в которое поступает электрическая энергия и мощность, для ее передачи по настоящему Договору.
A1120: Точки приема электрической энергии и мощности в сеть Исполнителя определяются Сторонами в Приложении № 1 к настоящему Договору.
A1121: Точка отпуска – место на границе балансовой принадлежности электрической сети Исполнителя, в котором производится отпуск (передача) электрической энергии и мощности из сети Исполнителя в технологически присоединенную к нему электрическую сеть Потребителя ГП(ЭСО), ССО, либо организации, осуществляющей деятельность по Производству (генерации) электрической энергии и мощности.
... A1404: 6.14. Исполнитель в срок до 14 числа месяца, следующего за отчетным месяцем, на основании указанных выше Ведомостей приема-передачи электрической энергии формирует, подписывает и направляет Заказчику Сводную ведомость приема электрической энергии в сеть Исполнителя с разбивкой по Муниципальным образованиям.
B1405: 6.15. Исполнитель в срок до 24:00 часов последнего дня отчетного месяца производит снятие показаний приборов учета по точкам отпуска, оформляет в 2-х экземплярах до 03 числа месяца, следующего за отчетным месяцем с Потребителями ГП(ЭСО), ССОИВС/Производителем Акты снятия показания приборов учета. Определяет объем переданной Потребителям ГП (ЭСО)/ССО/ИВС/Производителю электрической энергии в срок до 04 числа месяца, следующего за отчетным месяцем, на основании всех первичных документов, расчетных способов определения объема отпущенной электрической энергии, а также данных систем АСКУЭ (АИИС КУЭ).
A1406: 6.16. Исполнитель на основании Актов снятия показаний приборов учета по точкам отпуска электрической энергии и мощности из сети Исполнителя, расчетных способов определения объема отпущенной электрической энергии и мощности, Актов неучтенного потребления, а также данных систем АСКУЭ (АИИС КУЭ), определяет величину отпущенной электрической энергии и мощности Потребителям ГП(ЭСО), ССО/ИВС/Производителю за отчетный период и формирует отдельные Ведомости объемов передачи электрической энергии с разбивкой по Муниципальным образованиям в 3-х (трех) экземплярах по каждому ГП, по каждой ЭСО с выделением в отдельные ведомости по юридическим (с выделением Потребителей ГП (ЭСО), присоединенных к ГН) и физическим лицам, а также ведомости по: 1) объемам передачи электрической энергии и мощности, купленным Потребителями на оптовом рынке электрической энергии, 2) объему передачи электрической энергии и мощности по соответствующим Договорам услуг, заключенным непосредственно между Заказчиком и потребителями ГП(ЭСО), покупающими энергию на розничном рынке, 3) объему электрической энергии и мощности, отпущенной в сеть всех ССО/ИВС.
A1407: Раздельные Ведомости объемов передачи электрической энергии по Потребителям ГП (ЭСО) – юридическим лицам, непосредственно присоединенным к сетям Исполнителя, с разбивкой по Потребителям ГП (ЭСО), присоединенным к ГН, и Ведомости объемов передачи электрической энергии Потребителям ГП (ЭСО) – физическим лицам, непосредственно присоединенным к сетям Исполнителя, передаются Исполнителем на согласование соответствующему ГП(ЭСО) электронной почтой, а также на бумажном носителе, заверенные подписями и печатью Исполнителя, до 05 числа месяца, следующего за отчетным месяцем.
A1408: 6.17. Исполнитель в срок до 11 числа месяца, следующего за отчетным, предоставляет ГП (ЭСО) на согласование Технологический баланс электрической энергии и мощности в сети Исполнителя.
A1409: 6.18. Ведомость приема-передачи электрической энергии по каждой ССО подлежат предварительному согласованию с соответствующей ССО и передаются Исполнителем Заказчику в согласованном виде электронной почтой, а также на бумажном носителе, заверенные подписями и печатями Исполнителя и ССО, до 10 числа месяца, следующего за отчетным.
A1410: 6.19. Все указанные ведомости, передаются в бумажном, а также в электронном виде по форме, устанавливаемой Сторонами. В случае предоставления указанных документов в иной форме (макету), Заказчик вправе по своему усмотрению отказаться принимать данные Исполнителя, либо продлить срок рассмотрения документов на период, необходимый для их обработки и введения в базы данных Заказчика, но не более чем на 3 рабочих дня.
A1411: 6.20. При возникновении разногласий по указанным ведомостям ГП (ЭСО) в срок до 10 (десятого) числа месяца, следующего за отчетным месяцем, оформляет, подписывает со своей Стороны и направляет Исполнителю протоколы разногласий к каждой ведомости, по которой возникают разногласия, поясняющие и обосновывающие причины разногласий.
A1412: 6.21. В срок до 10 числа месяца, следующего за отчетным месяцем, Исполнитель формирует на основании согласованного (неоспариваемого) объема передачи электрической энергии и мощности «Сводную ведомость объемов передачи электрической энергии и мощности» и направляет Заказчику. Также Исполнитель направляет подписанные Ведомости объемов передачи электрической энергии вместе с протоколами разногласий ГП(ЭСО) (при наличии разногласий).6.22. Исполнитель оформляет Акт оказанных услуг на согласованный (неоспариваемый) объем передачи электрической энергии и мощности за отчетный месяц и направляет его Заказчику до 15 числа, следующего за отчетным месяцем с одновременным предоставлением счета- фактуры, оформленного в соответствии со статьей 169 НК РФ.
A1413: 6.23. По мере урегулирования разногласий между Исполнителем и ГП(ЭСО), ССО, согласованные объемы передачи электрической энергии, ранее являвшиеся оспариваемыми, дополнительно включаются отдельной строкой в Сводную ведомость объемов передачи электрической энергии и мощности и в Акты оказанных услуг за текущий отчетный период.
A1414: 6.24. Если Исполнитель и ГП(ЭСО), ССО не пришли к согласию по оспариваемому объему, то спор решается в соответствии с действующим законодательством РФ. До момента разрешения спора в установленном порядке Стороны в расчетах по Договору, при определении объемов оказанных услуг в целях их оплаты и в иных случаях, когда необходимо установление объемов переданной по настоящему Договору электрической энергии, принимают объемы переданной электрической энергии в размере согласованной величины.
A1415: 6.25. Расчетным периодом для оплаты оказываемых Исполнителем по настоящему Договору услуг является один календарный месяц.
A1416: 6.26. Объем услуг по передаче электроэнергии по сетям Исполнителя, подлежащий оплате в расчетном месяце, определяется:
A1417: С применением двухставочного тарифа на услуги по передаче электрической энергии:
... A1509: 11. АДРЕСА И ПЛАТЕЖНЫЕ РЕКВИЗИТЫ СТОРОН
A1510: Исполнитель: | B1510: Заказчик:
B1511: ОАО «МРСК Урала»
A1512: Юр Адрес: | B1512: Юр Адрес: 620026, г. Екатеринбург, ул. Мамина-Сибиряка, 140
A1513: Факт. Адрес: | B1513: Факт. Адрес:
A1514: ИНН | B1514: ИНН
A1515: КПП | B1515: КПП
A1516: Расчетный счет | B1516: Расчетный счет
A1517: Кор/счет | B1517: Кор/счет
A1518: БИК | B1518: БИК
A1519: Банк | B1519: Банк
A1520: 12. ПОДПИСИ СТОРОН
A1522: Исполнитель: | B1522: Заказчик:
B1523: ОАО «МРСК Урала»
A1526: ________________/___________/ | B1526: ________________/___________/
A1527: «____»_____________200__г. | B1527: «____»_____________200__г.
A1528: М.П. | B1528: М.П.

Sheet 19 п. м,н инвест програм
A1: Инвестиционные программы Акционерного общества "Синарский трубный завод" для расширения пропускной способности, снижения потерь в сетях и увеличения резерва для присоединения потребителей не разрабатываюся, так как сечение линий электропередач достаточно, потери не превышают нормативные и существует резерв мощности.

Sheet 19 п.о абз.1 
A1: 19 п.о О способах приобретения, стоимости и объемах товаров, необходимых для оказания услуг по передаче электроэнергии
A3: Сводная информация о способах приобретения, стоимости и объемов товаров, необходимых для оказания услуг по передаче электроэнергии, включая информацию: о корпоративных правилах осуществления закупок (включая использование конкурсов и аукционов); Закупки ТМЦ/услуг осуществляются в соответствии с Положением «Проведение закупок через Электронную торговую площадку» (ЭТП) от 01.08.2018г. №НД-0293/2018/0. Все закупки АО «СинТЗ» можно отслеживать https://zakupki.tmk-group.com/#com/procedure/index. Положение «Проведение закупок через ЭТП» размещено на сайте АО «СинТЗ» https://sintz.tmk-group.ru/media_ru/files/269/Polozhenie_provedeniya_zakupok_cherez_ETP.pdf. о проведении закупок товаров, необходимых для производства регулируемых услуг (включая использование конкурсов и аукционов), с указанием наименований товаров и предполагаемых объемов закупок; За 2020 год заключены следующие договора на закупку товаров/ работ/ услуг: № договора130020000371 ООО «ИТЦ УралЭнергоИнжиниринг» Испытание, анализ изоляционного масла согласно графика испытаний через электронную торговую площадку на сумму 187 730,00 руб. без НДС. ООО «СНГ-ЕК» Проверка послеаварийная защит ПС Волочильгая ПДЗ на сумму 30 468,63 руб. с НДС. ООО «СНГ-ЕК» Замена ключей шкафа зашиты линии ШЭ2607 032 УРОВ на ПС Генераторная на сумму 65 000,10 руб с НДС.
A5: На 2021 год предполагаемые объемы закупок товаров/услуг/работ будут проводиться по мере необходимости.
A8: Приказ №361 от 17.05.2018г. и Положение о тендерном комитете по размещению заказов на закупку товаров, работу, услуг для ПАО "СинТЗ"

Sheet 19 п.о объемы затрат
H3: Данные
A4: МВЗ | B4: Название объекта | C4: Вид затрат | D4: Обозначение В/Затрат | E4: Материал | F4: Краткий текст материала | G4: ЕИВ | H4: Сумма по полю ВведеннКлч | I4: Сумма по полю Знач/ВлтОтч
A5: 13150003 | B5: Расходы ОТиТБ ЭлЦ | C5: 3003030000 | D5: Металлопрокат | E5: 000000001000019402 | F5: Канат ГОСТ3071 D6,3 | G5: М | H5: 100 | I5: 5764.02
C6: 3003040000 | D6: Пиломатериалы | E6: 000000001100000872 | F6: @Доска для пола 30х150 мм камерной сушки | G6: М3 | H6: 1 | I6: 35900
E7: 000000001100000873 | F7: @Брус хвойных пород 100х100 | G7: М3 | H7: 1.5 | I7: 18750
C8: 3003050000 | D8: Проч Материалы Покуп | E8: 000000001200047536 | F8: Витамины Компливит | G8: ШТ | H8: 90 | I8: 15386.71
E9: 000000001200048208 | F9: Лампа натриевая ДНАТ 100вт Е40 | G9: ШТ | H9: 50 | I9: 9223.63
E10: 000000001200051436 | F10: Краска теплоизоляционная Изоллат | G10: ШТ | H10: 1 | I10: 12019.97
E11: 000000001200051810 | F11: @Указатель напряжения УННУ-1Н | G11: ШТ | H11: 3 | I11: 1419.24
E12: 000000001200051915 | F12: @Доводчик дверной DC-100-1 до100кг NOTED | G12: ШТ | H12: 3 | I12: 3852.34
E13: 000000001200053432 | F13: Доводчик дверной Нора-М 4S до 120кг | G13: ШТ | H13: 1 | I13: 1269.24
E14: 000000001200054428 | F14: @Смеситель для биде | G14: ШТ | H14: 1 | I14: 1500
E15: 000000001200054769 | F15: @Замок висячий ВС-2-М1 | G15: ШТ | H15: 3 | I15: 978
E16: 000000001200054812 | F16: Лента электроизоляционная ПВХ, B15 | G16: ШТ | H16: 15 | I16: 140.18
E17: 000000001200054813 | F17: Лента электроизоляционная ХБ 400 х/б | G17: ШТ | H17: 5 | I17: 361.35
E18: 000000001200056056 | F18: Лампа дуговая ртутная ДРЛ 250 | G18: ШТ | H18: 104 | I18: 11087.11
E19: 000000001200056057 | F19: Лампа дуговая ртутная ДРЛ 400 | G19: ШТ | H19: 60 | I19: 8540.97
E20: 000000001200056058 | F20: Лампа дуговая ртутная ДРЛ 700 | G20: ШТ | H20: 55 | I20: 22748.01
... E42: 000000001200071032 | F42: Средство дезинфицирующее Люир Хлорфс | G42: ШТ | H42: 1 | I42: 220
C43: 3004010000 | D43: Запчасти Покупные | E43: 000000001300199343 | F43: Аккумулятор GP1272 7,2 | G43: ШТ | H43: 3 | I43: 2893.08
E44: 000000001300208810 | F44: Батарейка LR6 AA | G44: ШТ | H44: 5 | I44: 46.42
E45: 000000001300215791 | F45: @Счетчик хол воды ВСХ-15 с присоед | G45: ШТ | H45: 2 | I45: 1542.22
E46: 000000001300223053 | F46: @Указатель УВН80-2М/1-С 10кВ | G46: ШТ | H46: 5 | I46: 2225
E47: 000000001300229254 | F47: Аккумулятор DT1212 Delta 12А.ч | G47: ШТ | H47: 3 | I47: 5465.4
E48: 000000001300250868 | F48: Счетчик воды ВСХ-20 | G48: ШТ | H48: 2 | I48: 1943.62
E49: 000000001300307630 | F49: Штанга оперативная ШО-10-4-6,6 | G49: ШТ | H49: 12 | I49: 9510.9
E50: 000000001300331126 | F50: Лампа LED G125 E27 22Вт 4100К 105102222 | G50: ШТ | H50: 21 | I50: 5920.84
E51: 000000001300335119 | F51: Насос JET 102 | G51: ШТ | H51: 1 | I51: 9888.89
E52: 000000001300338265 | F52: Датчик температуры TF65-T-NTK12K L100 | G52: ШТ | H52: 1 | I52: 5800
E53: 000000001300343178 | F53: Облучатель бакт.ОБН01-30-012 Фотон | G53: ШТ | H53: 17 | I53: 9085.82
E54: 000000001300343399 | F54: Шнур ШВВП-ВП 2х0.75 A1060 L1,7м | G54: ШТ | H54: 10 | I54: 681.3
C55: 3005010000 | D55: Топливо | E55: 000000001400002174 | F55: Бензин АИ-92 КГ | G55: КГ | H55: 70 | I55: 3196.6
C56: 3005020000 | D56: Масла, Смаз Материал | E56: 000000001400002261 | F56: Масло моторное 2-Cycle TC-W3 КГ | G56: КГ | H56: 1.8 | I56: 840.07
C57: 3006010000 | D57: Инструмент Покупн | E57: 000000001500054527 | F57: @Строп с амортизатором к поясу Н33 | G57: ШТ | H57: 1 | I57: 1508
E58: 000000001500054529 | F58: @Строп страховочный Аморстроп | G58: ШТ | H58: 2 | I58: 3442.04
E59: 000000001500072959 | F59: @Строп двойной с амортизатором аB22Vento | G59: ШТ | H59: 20 | I59: 41730
E60: 000000001500087054 | F60: Пирометр GF-Z99Y | G60: ШТ | H60: 8 | I60: 9200
C61: 3006030000 | D61: Спецодежда Покупн | E61: 000000001600003232 | F61: @Плащ прорезиненный | G61: ШТ | H61: 5 | I61: 2450.52
E62: 000000001600003240 | F62: @Боты диэлектрические | G62: ПАР | H62: 1 | I62: 610
E63: 000000001600003244 | F63: Перчатки, диэлектрическ. | G63: ПАР | H63: 36 | I63: 11390.35
E64: 000000001600003245 | F64: @Подшлемник х/б утепленный | G64: ШТ | H64: 1 | I64: 114.89
E65: 000000001600003283 | F65: Противогаз ГП-7 | G65: ШТ | H65: 2 | I65: 7500
E66: 000000001600003301 | F66: @Маска сварщика Хамелеон | G66: ШТ | H66: 1 | I66: 2148.63
E67: 000000001600003309 | F67: Вкладыши противошумные 1271 | G67: ПАР | H67: 28 | I67: 2187.97
E68: 000000001600003313 | F68: Вкладыши пр/шум.со шнурком 1110 | G68: ПАР | H68: 16 | I68: 414.08
E69: 000000001600003318 | F69: Ботинки юфтевые женские | G69: ПАР | H69: 20 | I69: 17466.15
E70: 000000001600003319 | F70: Ботинки юфтевые мужские | G70: ПАР | H70: 68 | I70: 60215.37
E71: 000000001600003327 | F71: @Каска защитная оранжевая | G71: ШТ | H71: 58 | I71: 6132.63
E72: 000000001600003333 | F72: Жилет сигнальный Габарит | G72: ШТ | H72: 16 | I72: 2658.04
E73: 000000001600003351 | F73: @Костюм влагостойкий | G73: КЛ | H73: 18 | I73: 9925.83
... E142: 000000001600004866 | F142: Куртка-накидка Номекс КН-6 Элит арт.1572 | G142: ШТ | H142: 1 | I142: 19597
C143: 3006050000 | D143: Пр Инвент ХозПрин | E143: 000000001700016951 | F143: Коврик диэлектрический 750х750мм | G143: ШТ | H143: 4 | I143: 1293.19
E144: 000000001700017088 | F144: Лента сигнальная | G144: ШТ | H144: 3 | I144: 275.98
E145: 000000001700017094 | F145: @Леска бесшумная 56М 3.0ММ травокосилjr | G145: ШТ | H145: 5 | I145: 4367.09
E146: 000000001700017095 | F146: @Леска бесшумная 90М травокосилок | G146: ШТ | H146: 5 | I146: 4385
E147: 000000001700017182 | F147: @Мешок для мусора 120л в упак | G147: РУЛ | H147: 35 | I147: 1772.48
E148: 000000001700017235 | F148: Наклейка знак заземления | G148: ШТ | H148: 2500 | I148: 2160.71
E149: 000000001700017236 | F149: Наклейка Знак эл.б/о 50х50х50 | G149: ШТ | H149: 1350 | I149: 2716.8
E150: 000000001700017240 | F150: Наклейка 160х160х160 эл/безоп. | G150: ШТ | H150: 125 | I150: 4379.64
E151: 000000001700017478 | F151: Салфетки тканевые | G151: ШТ | H151: 2335 | I151: 11314.38
E152: 000000001700017841 | F152: @Сумка для инструмента | G152: ШТ | H152: 15 | I152: 9144.67
E153: 000000001700018229 | F153: Щетка сметка ГОСТ28638-90 | G153: ШТ | H153: 1 | I153: 22.17
E154: 000000001700018322 | F154: Полотно нетканое | G154: М | H154: 540 | I154: 14061.65
E155: 000000001700020359 | F155: Наклейка Стой! Напряжение | G155: ШТ | H155: 7 | I155: 194.58
... E178: 000000001700026682 | F178: Плакат Стой напряжение 150х200 пластик | G178: ШТ | H178: 20 | I178: 1040
A179: 13150003 Итог | H179: 25831.5 | I179: 3455461.4
A180: 13150024 | B180: Общецех. расходы ЭлЦ | C180: 3003050000 | D180: Проч Материалы Покуп | E180: 000000001200046081 | F180: @Клей канцелярский | G180: ШТ | H180: 2 | I180: 16.35
E181: 000000001200046539 | F181: Файл вкладыш A4, с перфорацией | G181: ШТ | H181: 25 | I181: 1358.93
E182: 000000001200046746 | F182: Скоба, 24мм, 1000шт | G182: КОР | H182: 27 | I182: 192.84
E183: 000000001200046752 | F183: Скрепка металлическая, 28мм, 100шт | G183: КОР | H183: 27 | I183: 236.63
E184: 000000001200047567 | F184: Труба гофрирован. 91932 Dн32 | G184: М | H184: 150 | I184: 2172.86
E185: 000000001200048170 | F185: @Кабель силовой ВВГнг LS 3х1,5 | G185: М | H185: 50 | I185: 1388.23
E186: 000000001200048397 | F186: Картридж HP LJ 1522n CВ436А | G186: ШТ | H186: 1 | I186: 6822.7
E187: 000000001200048827 | F187: @Провод ПВ-1 0,75 белый | G187: М | H187: 300 | I187: 1488
E188: 000000001200049805 | F188: Маркер перманентный крас., 3 | G188: ШТ | H188: 6 | I188: 41.85
E189: 000000001200050469 | F189: Тонер-картридж CE278A Hewlett-Packard | G189: ШТ | H189: 2 | I189: 13440
E190: 000000001200050505 | F190: Пленка д/ламин.B80хL111хs0,125мм 100шт | G190: УПК | H190: 3 | I190: 255.92
E191: 000000001200053453 | F191: Тонер-картридж Kyocera TK-1130 | G191: ШТ | H191: 2 | I191: 15170.15
E192: 000000001200053872 | F192: @Провод установ ПВ-1 1х1,5 | G192: М | H192: 300 | I192: 2800.32
... E256: 000000001200070514 | F256: Файл вкладыш A5, с перфорацией, 100шт | G256: УПК | H256: 1 | I256: 76
C257: 3004010000 | D257: Запчасти Покупные | E257: 000000001300207469 | F257: Устройство ИЗУ 250-ДНАТ | G257: ШТ | H257: 19 | I257: 3419.88
E258: 000000001300208680 | F258: Батарейка CR-2032 | G258: ШТ | H258: 50 | I258: 456.66
E259: 000000001300208682 | F259: Батарейка AAA | G259: ШТ | H259: 30 | I259: 181.4
E260: 000000001300208810 | F260: Батарейка LR6 AA | G260: ШТ | H260: 72 | I260: 642.48
E261: 000000001300208811 | F261: Элемент питания тип Крона | G261: ШТ | H261: 40 | I261: 948.24
E262: 000000001300215518 | F262: @Мышь Genius NetScroll Eye Optical 400dp | G262: ШТ | H262: 5 | I262: 1600
E263: 000000001300303547 | F263: Гирлянда Белт-лайт 5BLC-E27-165-6-240V | G263: ШТ | H263: 5 | I263: 143791.4
E264: 000000001300304221 | F264: Плей Лайт LED-PLS-9020-240v-2х9M-W/WH | G264: ШТ | H264: 2 | I264: 38809.16
E265: 000000001300304513 | F265: Контроллер ЭКСЭ-403 | G265: ШТ | H265: 3 | I265: 6080
E266: 000000001300304866 | F266: Дюралайт LED-XD-2W-100M-240V 2-x 2Вт | G266: М | H266: 100 | I266: 22860
E267: 000000001300315530 | F267: Камера видеонаблюдения HD C270 | G267: ШТ | H267: 14 | I267: 27606.39
E268: 000000001300335927 | F268: Регулятор ETY-0-15-AT | G268: ШТ | H268: 1 | I268: 2237.5
C269: 3006050000 | D269: Пр Инвент ХозПрин | E269: 000000001700016937 | F269: Клавиатура KB06XE Genius USB | G269: ШТ | H269: 3 | I269: 1701
E270: 000000001700017182 | F270: @Мешок для мусора 120л в упак | G270: РУЛ | H270: 40 | I270: 1975.63
E271: 000000001700017698 | F271: @Степлер канцелярский №10 | G271: ШТ | H271: 4 | I271: 103.48
E272: 000000001700017699 | F272: Степлер канцелярский №24 | G272: ШТ | H272: 4 | I272: 207.18
E273: 000000001700018990 | F273: @Скрепка большая канцелярская, 50мм | G273: КОР | H273: 26 | I273: 394.63
E274: 000000001700022872 | F274: Клавиатура KB-220e Genius PS/2 | G274: ШТ | H274: 3 | I274: 905.83
E275: 000000001700024745 | F275: Лампа светодиодиодная LED-G45-FR 220V | G275: ШТ | H275: 500 | I275: 31250
E276: 000000001700026049 | F276: Колонки 249 2.0 | G276: ШТ | H276: 7 | I276: 5600
...

Sheet 19 п.т
A1: 19 п. т Договора купли-продажи (поставки) электрической энергии (мощности) в целях компенсации потерь электрической энергии, заключенного с производителем электрической энергии (мощности) на розничном рынке электрической энергии, осуществляющим производство электрической энергии (мощности) на квалифицированных генерирующих объектах, функционирующих на основе использования возобновляемых источников энергии, объемы которой подтверждены сертификатом, выданным советом рынка, с указанием наименования такого производителя отсутствуют, т.к АО "СинТЗ" работает на оптовом рынке.

Sheet 19 п. у
A1: 19 п. у Телефон и адрес электронной почты предназначенный для направления потребителю электрической энергии (мощности), потребителю услуг по передаче электрической энергии уведомления о введении полного и (или) частичного ограничения режима потребления электрической энергии: 8(3439)36-36-05 e-mail: Sinarsky@sintz.ru

Sheet программа энергосбережения

Sheet отчет по прог-ме энергосбе-ия

Sheet 19 п.п паспорт услуг
A1: ПАСПОРТ УСЛУГИ (ПРОЦЕССА) СЕТЕВОЙ ОРГАНИЗАЦИИ
A2: АО «Синарский трубный завод»
A3: Технологическое присоединение энергопринимающих устройств
A5: Заявителей: Юридические лица, индивидуальные предприниматели, физические лица
A6: Порядок определения стоимости услуг (процесса):
A8: На 2020 год АО "СинТЗ" тарифы на технологическое присоединение к сетям электроснабжения не устанавливаются.
A9: Постановление РЭК Свердловской области от 28.10.2019г. № 127-ПК размещено на интернет-портале правовой информации Свердловской области (www.pravo.gov66.ru)
A10: Условия оказания услуг (процесса): Необходимость осуществить технологическое присоединение, реконструкцию энергопринимающих устройств и увеличение объема максимальной мощности, а также изменить категорию надежности электроснабжения, точки присоединения, виды производственной деятельности, не влекущие пересмотр (увеличение) максимальной мощности, но изменяющие схему внешнего электроснабжения энергопринимающих устройств заявителя
A11: Порядок оказания услуг по технологическому присоединению на основании «Правил технологического присоединения», утвержденных Постановлением Правительства РФ № 861 от 27.12.2004г. (с изменениями и дополнениями).
A13: № п/п | B13: Этап | C13: Содержание / Условия этапа | D13: Форма предоставления | E13: Срок исполнения
A14: 1. | B14: Направление заявки на технологическое присоединение | C14: Предоставление заявителем всех требуемых законодательством сведений и документов / проверка соблюдения требований к полноте указанных сведений и приложенных к заявке документов | D14: Первичная обработка заявки | E14: При очном обращении - не более 30 минут;
E15: При поступлении по почте – в течение 1 дня
D16: Основная обработка заявки | E16: 1 рабочий день от даты получения заявки и пакета документов
D18: Подготовка и направление уведомления заявителю о недостающих сведениях и документов | E18: 5 рабочих дней от даты получения (регистрации) заявки
A20: 2. | B20: Заключение договора об осуществлении технологического присоединения к электрическим сетям | C20: Подготовка и направление договора об осуществлении технологического присоединения заявителю. При сложном характере присоединения (более 670 кВт) согласование с системным оператором. | D20: Направление для подписания заполненного и подписанного проекта договора в 2-х экземплярах, с приложением технических условий, уведомление о возможности временного технологического присоединения | E20: Для заявителей до 150 кВт – в течение 15 дней со дня получения заявки;
E21: При присоединении по индивидуальному проекту – в течение 5 дней со дня утверждения платы за технологическое присоединение РЭК;
E22: Для заявителей от 150 кВт – в течение 30 дней от получения заявки
D23: Заявитель подписывает оба экземпляра проекта договора и направляет 1 экземпляр договора сетевой организации, либо направляет мотивированный отказ от подписания проекта договора и предложения об изменении проекта договора | E23: В течение 30 дней от даты получения проекта договора
A25: 3. | B25: Применение тарифа на технологическое присоединение | C25: Оформление сетевой организацией счета на оплату | D25: В соответствии с условиями договора | E25: В соответствии с условиями договора
A26: 4. | B26: Выполнение сторонами договора мероприятий, предусмотренных договором | C26: Заявитель исполняет указанные обязательства в пределах границ участка, на котором расположены присоединяемые энергопринимающие устройства заявителя.Сетевая организация исполняет указанные обязательства (в том числе урегулирование отношений с иными лицами) до границ участка, на котором расположены присоединяемые энергопринимающие устройства заявителя. | D26: Разработка проектной документации;Выполнение сторонами технических условий;Проверка сетевой организацией выполнения заявителем технических условий;Осуществление сетевой организацией мероприятий по подключению энергопринимающих устройств заявителя под действие аппаратуры противоаварийной автоматики;Допуск в эксплуатацию установленных приборов учета | E26: В течение 2 лет, если иное не предусмотрено договором.
A28: 5. | B28: Осуществление сетевой организацией фактического присоединения объектов заявителя к электрическим сетям | C28: Комплекс технических и организационных мероприятий, обеспечивающих подключение объектов заявителя к сетям электроснабжения сетевой организации, без осуществления фактической подачи (приёма) напряжения на объекты заявителя | D28: Фиксация коммутационных аппаратов в положении «отключено» | E28: Не позднее 15 рабочих дней от дня проведения осмотра
A29: 6. | B29: Осуществление фактического приема (подачи) напряжения | C29: Осмотр сетевой организацией (с участием заявителя) присоединяемых установок заявителя, включая вводные распределительные устройства, с выдачей акта осмотра (обследования) энергопринимающих устройств заявителя | D29: Фиксация коммутационных аппаратов в положении «включено» | E29: Не позднее 15 рабочих дней от дня проведения осмотра
A30: 7. | B30: Составление акта о технологическом присоединении, акта разграничения балансовой принадлежности, акта разграничения эксплуатационной ответственности сторон | C30: Исполнение сторонами надлежащим образом обязательств по договору об осуществлении технологического присоединения, уведомление заявителем о выполнении технических условий. | D30: Подписание заявителем акта о технологическом присоединении, акта разграничения балансовой принадлежности, акта эксплуатационной ответственности сторон, либо предоставить мотивированный отказ от подписания актов | E30: Не позднее 15 рабочих дней от дня проведения осмотра
